 Dungeon Crawl Stone Soup version 0.28-a0-586-gbdb9d174a4 (webtiles) character file.

Game seed: 11966936785823563391

2286514 EnegeticOcto the Sensei (level 27, 222/222 HPs)
             Began as a Djinni Chaos Knight on Oct 2, 2021.
             Was a Favourite Plaything of Xom.
             Escaped with the Orb
             ... and 4 runes on Oct 3, 2021!
             The game lasted 02:23:18 (68973 turns).

EnegeticOcto the Sensei (Djinni Chaos Knight)      Turns: 68973, Time: 02:23:19

Health: 222/222    AC: 32    Str: 15    XL:     27
Gold:   1733       EV: 20    Int: 21    God:    Xom [..*...] SH: 25 Dex: 21

rFire   + + +      SeeInvis .     - Unarmed
rCold   . . .      Faith    .   n - +5 kite shield {AC+3}
rNeg    . . .      Spirit   .   a - +4 troll leather armour
rPois   ∞          Reflect  +   Z - +4 hat "Vame" {rElec Str+2}
rElec   +          Harm     .   k - +2 cloak {Will+}
rCorr   .          Rampage  .   w - +2 pair of gloves
Will    +++..                   (boots unavailable)
Stlth   +.........              A - amulet of reflection
HPRegen 2.47/turn               P - ring of protection from cold
MPRegen 0.00/turn               l - ring of Hoid {rF+ AC+4 Str+2 Dex+4, =R}

@: flying, hasted, studying Unarmed Combat, very quick
A: sickness immunity, fire resistance 3, cold vulnerability 1, float, innate
caster, hp casting, extra vitality 1, antennae 1, beak, claws 1, iridescent
scales 3, dopey 1, sense surroundings 1, regeneration 1, robust 1, electricity
resistance, evolution 1, noise suppression
0: Orb of Zot
}: 4/15 runes: decaying, silver, abyssal, gossamer
a: Renounce Religion


You escaped.
You worshipped Xom.
You were a toy of Xom.
You visited 9 branches of the dungeon, and saw 48 of its levels.
You visited the Abyss 1 time.
You visited 1 bazaar.
You also visited: Ice Cave.

You collected 11043 gold pieces.
You spent 9310 gold pieces at shops.

Inventory:

Hand Weapons
 s - a +2 dagger of distortion
   (You found it on level 2 of the Lair of Beasts)
Missiles
 I - 3 throwing nets {!f}
 O - 17 curare-tipped darts (quivered)
Armour
 a - a +4 troll leather armour (worn)
   (You found it on level 14 of the Dungeon)
 k - a +2 cloak of willpower (worn)
   (You found it on level 1 of the Depths)
 n - a +5 kite shield of protection (worn)
   (You found it on level 3 of the Elven Halls)
 w - a +2 pair of gloves (worn)
   (You found it on level 5 of the Dungeon)
 G - the +2 robe of Vines {NoPotionHeal Regen+++}
   (You found it on level 5 of the Vaults)

   Its wearer cannot be healed by potions.
   Regen:     It increases your rate of health regeneration.
 Z - the +4 hat "Vame" (worn) {rElec Str+2}
   (You found it on level 3 of the Vaults)

   Str:       It affects your strength (+2).
   rElec:     It insulates you from electricity.
Magical Staves
 J - a staff of air
   (You bought it in a shop on level 2 of the Orcish Mines)
Jewellery
 h - a ring of resist corrosion
   (You found it on level 7 of the Dungeon)
 l - the ring of Hoid (right hand) {rF+ AC+4 Str+2 Dex+4, =R}
   (You acquired it on level 5 of the Dungeon)

   [ring of protection]

   AC:        It affects your AC (+4).
   Str:       It affects your strength (+2).
   Dex:       It affects your dexterity (+4).
   rF:        It protects you from fire.
 A - an amulet of reflection (around neck)
   (You found it on level 7 of the Dungeon)
 F - a ring of wizardry
   (You took it off a deep elf annihilator on level 3 of the Elven Halls)
 P - a ring of protection from cold (left hand)
   (You found it on level 2 of the Lair of Beasts)
 Q - the ring "Uqe Fotunn" {rElec rF+ Will+}
   (You took it off a deep elf elementalist on level 3 of the Elven Halls)

   [ring of willpower]

   rF:        It protects you from fire.
   rElec:     It insulates you from electricity.
   Will:      It increases your willpower.
 Y - a +4 ring of protection
   (You found it on level 1 of the Spider Nest)
Wands
 c - a wand of mindburst (24)
   (You found it on level 2 of the Depths)
 f - a wand of polymorph (13)
   (You found it on level 7 of the Dungeon)
 v - a wand of digging (24) {@v3}
   (You found it on level 4 of the Dungeon)
 z - a wand of iceblast (10) {@v2}
   (You found it on level 13 of the Dungeon)
 C - a wand of acid (18) {@v1}
   (You found it on level 6 of the Dungeon)
 D - a wand of flame (190) {@v4}
   (You found it on level 6 of the Dungeon)
 H - a wand of paralysis (28)
   (You took it off Pikel on level 8 of the Dungeon)
 V - a wand of charming (28)
   (You found it on level 5 of the Lair of Beasts)
Scrolls
 m - 22 scrolls of teleportation {@r3 !r}
 r - 8 scrolls of fear {!r}
 t - 2 scrolls of blinking {@r4}
 x - 3 scrolls of holy word
 y - 4 scrolls of vulnerability
 K - 2 scrolls of immolation
 L - 2 scrolls of silence
 M - 8 scrolls of fog {!r}
 U - a scroll of magic mapping {@r5 !r}
Potions
 b - 2 potions of heal wounds {@q2 !q}
 d - 22 potions of curing {@q1 !q}
 e - 7 potions of haste {@q4 !q}
 g - a potion of ambrosia
 i - 2 potions of berserk rage
 j - 6 potions of attraction
 o - 16 potions of might {@q3 !q}
 p - 6 potions of cancellation
 q - 12 potions of brilliance
 u - 3 potions of resistance
 E - 12 potions of lignification {@q6}
 R - 6 potions of mutation
 X - 2 potions of invisibility
Miscellaneous
 B - a condenser vane
   (You found it on level 5 of the Vaults)
 N - a phial of floods
   (You found it on level 3 of the Elven Halls)
 S - a phantom mirror
   (You found it on level 4 of the Lair of Beasts)
 T - a tin of tremorstones (2/2)
   (You found it on level 3 of the Elven Halls)
 W - a box of beasts
   (You bought it in a shop on level 4 of the Dungeon)


   Skills:
 * Level 22.1 Fighting
 - Level 4.0 Armour
 - Level 12.0 Dodging
 - Level 15.0 Shields
 + Level 23.2 Unarmed Combat
 - Level 20.0 Spellcasting
 - Level 12.0 Evocations


You couldn't memorise any spells.
You knew the following spells:

 Your Spells              Type           Power      Damage    Failure   Level
a - Magic Dart            Conj           100%       1d8       0%          1
b - Summon Mana Viper     Hex/Summ       81%        N/A       1%          5
c - Wereblood             Tmut           81%        N/A       0%          2
d - Dispel Undead         Necr           81%        3d26      0%          4
e - Ensorcelled Hibernat  Hex/Ice        100%       N/A       0%          2
f - Alistair's Intoxicat  Tmut/Pois      54%        N/A       1%          5
g - Conjure Ball Lightni  Conj/Air       40%        3x3d13    1%          6
h - Simulacrum            Ice/Necr       40%        N/A       1%          6
i - Summon Hydra          Summ           40%        N/A       1%          7
j - Borgnjor's Revivific  Necr           40%        N/A       4%          8
k - Dragon Form           Tmut           40%        N/A       1%          7
l - Chain Lightning       Conj/Air       40%        3d54      61%         9
m - Dragon's Call         Summ           40%        N/A       61%         9
Your spell library was empty.

Dungeon Overview and Level Annotations

Branches:
Dungeon (15/15)            Temple (0/1) D:7            Lair (6/6) D:9
  Swamp (4/4) Lair:2       Spider (4/4) Lair:2        Slime (0/5) Lair:6
    Orc (2/2) D:9             Elf (3/3) Orc:2        Vaults (5/5) D:13
  Crypt (0/3) Vaults:2     Depths (4/4) D:15            Zot (5/5) Depths:4
  IceCv (visited)

Altars:
Dithmenos
Fedhas
Gozag
Hepliaklqana
Makhleb
Okawaru
Ru
Uskayaw
Vehumet
Xom
Yredelemnul
Zin
The Shining One
Beogh

Shops:
D:4 *   D:5 *   D:11 [   D:15 [*?[(   Orc:2 (**(:   Elf:3 *!   Vaults:3 *:
Vaults:4 (   Vaults:5 [   Depths:2 *   Depths:4 :

Portals:
Hell: Depths:1 Depths:2 Depths:3 Depths:4
Abyss: Depths:1 Depths:3
Pandemonium: Depths:2
Ziggurat: Depths:3
Trove: D:14 (give horn of Geryon)

Annotations:
D:15 Roxanne
Lair:5 exclusion: oklob plant
Lair:6 exclusion: door
Elf:2 3 runed translucent doors
Vaults:1 5 transporters
Depths:3 1 runed translucent door
Depths:4 exclusions: draconian stormcaller and 3 more exclusions
Zot:1 exclusion: 2 downstairs
Zot:5 exclusions: obsidian statue and 1 more exclusion
Abyss:1 Louise


Innate Abilities, Weirdness & Mutations

You are immune to sickness and miasma.
You are immune to poison.
Your flesh is almost immune to the effects of heat. (rF+++)
You are vulnerable to cold. (rC-)
You float through the air rather than walking.
You learn spells naturally, not from books.
Your magical power is your life essence.
You have superior vitality. (+4 HP)
You have a pair of small antennae on your head.
You have a beak for a mouth.
You have sharp fingernails.
You are completely covered in iridescent scales. (AC +6)
You are dopey. (Int -2)
You passively map a small area around you.
Your natural rate of healing is unusually fast.
You are robust. (+10% HP)
You are resistant to electric shocks. (rElec)
You have hidden genetic potential.
You passively dampen the noise of your surroundings.


Message History

There is a stone staircase leading up here.
(D) Dungeon (T) Temple (L) Lair (S) Swamp (N) Spider Nest (M) Slime Pits (O) Orcish Mines (E) Elven Halls (V) Vaults (C) Crypt (U) Depths (H) Hell (Z) Zot
Where to? (Enter - D:1 @ (x,y), ? - help)
You fly upwards.
There is a stone staircase leading down here.
There is a stone staircase leading up here.
You fly upwards.
There is a stone staircase leading down here.
A balrug and 2 sun demons come into view.
The sun demon shouts! x2
A sun demon comes into view.
The sun demon shouts!
The balrug is engulfed in seething chaos.
The sun demon is engulfed in seething chaos.
The sun demon seems to grow stronger.
There is a stone staircase leading up here.
The balrug is engulfed in seething chaos.
The sun demon is engulfed in seething chaos.
The sun demon goes berserk!
The sun demon is engulfed in seething chaos.
The sun demon suddenly stops moving!
You fly upwards.
There is a stone staircase leading down here.
(D) Dungeon (T) Temple (L) Lair (S) Swamp (N) Spider Nest (M) Slime Pits (O) Orcish Mines (E) Elven Halls (V) Vaults (C) Crypt (U) Depths (H) Hell (Z) Zot
Where to? (Enter - D:1 @ (x,y), ? - help)
A red devil and a pandemonium lord come into view.
Press: ? - help, v - describe, . - travel The floor.
This square is covered in magical glow.
Really read
M - 9 scrolls of fog {!r}?
As you read the scroll of fog {!r}, it crumbles to dust.
The scroll dissolves into smoke.
Xojyvvou moves out of view.
The red devil moves out of view.
Really quaff
e - 9 potions of haste {@q4 !q}?
You feel yourself speed up.
You see here 21 sling bullets.
There is a stone staircase leading up here.
You fly upwards.
There is a stone staircase leading down here.
(D) Dungeon (T) Temple (L) Lair (S) Swamp (N) Spider Nest (M) Slime Pits (O) Orcish Mines (E) Elven Halls (V) Vaults (C) Crypt (U) Depths (H) Hell (Z) Zot
Where to? (Enter - D:1 @ (x,y), ? - help)
You sense a monster nearby.
Things that are here:
a +0 robe; a +0 great sword Your trail of clouds dissipates.
Your extra speed is starting to run out.
There is an open door here.
You feel yourself slow down.
A Brimstone Fiend comes into view.
The Brimstone Fiend gestures at you.
The sphere of damnation explodes!
The damnation engulfs you!!
There is an escape hatch in the ceiling here.
Really go through this one-way escape hatch?
A mysterious force pulls you upwards. The hatch slams shut behind you.
(D) Dungeon (T) Temple (L) Lair (S) Swamp (N) Spider Nest (M) Slime Pits (O) Orcish Mines (E) Elven Halls (V) Vaults (C) Crypt (U) Depths (H) Hell (Z) Zot
Where to? (Enter - D:1 @ (x,y), ? - help)
What level of the Dungeon? (default 1, ? - help)
A great orb of eyes comes into view.
(D) Dungeon (T) Temple (L) Lair (S) Swamp (N) Spider Nest (M) Slime Pits (O) Orcish Mines (E) Elven Halls (V) Vaults (C) Crypt (U) Depths (H) Hell (Z) Zot
Where to? (Enter - D:1 @ (x,y), ? - help)
There is a stone staircase leading up here.
HP restored.
You fly upwards.
There is a stone staircase leading down here.
There is an open door here.
There is a stone staircase leading up here.
You fly upwards.
There is a stone staircase leading down here.
There is an open door here.
There is a stone staircase leading up here.
You fly upwards.
There is a stone staircase leading down here.
There is a stone staircase leading up here.
You fly upwards.
There is a stone staircase leading down here.
You see here a +0 ring mail.
A reaper comes into view.
It is wielding a +6 scythe of protection.
Unknown command.
Really quaff
e - 8 potions of haste {@q4 !q}?
You feel yourself speed up.
You see here a +0 robe.
There is an open door here.
There is a staircase leading out of the dungeon here.
Unknown command.
You have escaped!

♣♣♣♣♣♣♣♣♣♣♣###
♣@.........'.#####
♣...♣♣♣♣♣.♣#......
♣....♣P♣♣P♣#######
♣.♣....P♣.♣
♣.♣P.⌠...P♣
♣.♣♣....♣♣♣
♣.♣P...♣♣ ♣.♣♣♣.♣♣
♣.....♣


There were no monsters in sight!

Vanquished Creatures
  A dread lich (Depths:3)
  Mara (Swamp:4)
  2 ancient liches
  2 juggernauts (Depths:4)
  Frederick (Depths:3)
  4 golden dragons
  Arachne (Spider:4)
  3 bone dragons
  10 tentacled monstrosities
  2 electric golems
  A walking earthen tome (Depths:3)
  A hellephant (Abyss:3)
  Mlioglotl (Spider:3)
  A walking crystal tome (Depths:3)
  A lich (Abyss:3)
  3 quicksilver dragons
  2 titans
  2 deep elf master archers (Elf:3)
  5 sphinxes
  6 shadow dragons
  2 tengu reavers
  A tentacled starspawn (Abyss:3)
  3 storm dragons
  A draconian monk (Zot:3)
  An azure jelly (Swamp:4)
  A daeva (Depths:2)
  4 deep elf sorcerers
  6 frost giants
  4 fire giants
  A fenstrider witch (Swamp:3)
  9 vault wardens
  5 ghost moths
  An iron dragon (Vaults:5)
  The ghost of Gargoyl the Fighter, a journeyman GnAK of Lugonu (D:13)
  3 deep elf elementalists (Elf:3)
  2 draconian scorchers (Zot:3)
  5 emperor scorpions
  4 draconian stormcallers (Zot:1)
  A war gargoyle (Vaults:5)
  4 spriggan defenders
  An angel (Depths:2)
  2 very ugly things
  16 ironbound preservers
  7 stone giants
  2 green draconians
  A draconian annihilator (Zot:1)
  3 vampire knights
  3 deep elf demonologists
  3 white draconians
  A deep elf annihilator (Elf:2)
  8 dire elephants
  5 spark wasps
  6 yellow draconians
  4 entropy weavers
  3 red draconians (Zot:5)
  A dire elephant (shapeshifter) (Depths:3)
  2 bunyips
  2 purple draconians (Zot:5)
  A blizzard demon (Depths:4)
  5 eleionomae
  2 crystal guardians (Vaults:4)
  6 yaktaur captains
  5 deep elf death magi
  6 fire dragons
  A shambling mangrove (Swamp:4)
  8 ettins
  2 deep elf high priests (Vaults:5)
  13 vault guards
  A hell beast (D:13)
  A rakshasa (Depths:2)
  8 great orbs of eyes
  Harold (D:8)
  16 ironbound thunderhulks
  11 hydras
  5 ice dragons
  6 boulder beetles
  5 ogre magi
  A spriggan air mage (Depths:4)
  Erica (Orc:1)
  8 ironbound frosthearts
  An anaconda (shapeshifter) (Vaults:5)
  A centaur warrior (D:13)
  5 alligators
  A two-headed ogre (shapeshifter) (Depths:3)
  14 dancing weapons
  17 two-headed ogres
  5 deep troll earth magi
  2 death yaks
  3 spriggan berserkers
  A satyr (Vaults:1)
  6 tengu warriors
  5 hell knights (Vaults:5)
  8 deep elf knights
  Nergalle (Lair:3)
  An iron troll (Depths:1)
  An iron troll (shapeshifter) (Vaults:5)
  5 goliath frogs
  3 large abominations (Abyss:3)
  A flayed ghost (D:15)
  A deep troll (shapeshifter) (Vaults:5)
  A spriggan druid (Swamp:2)
  Pikel (D:8)
  A bog body (Swamp:2)
  2 orange crystal statues
  40 deep trolls
  4 lindwurms
  5 deep elf archers
  2 glowing orange brains (Depths:4)
  7 ironbound convokers
  3 swamp dragons
  9 wizards
  17 deep elf pyromancers
  12 necromancers
  An obsidian statue (Lair:6)
  7 orb spiders
  A harpy (shapeshifter) (D:14)
  17 deep elf zephyrmancers
  5 phantasmal warriors
  5 harpies
  A golden dragon skeleton (Depths:3)
  2 orc knights
  3 cyclopes
  4 will-o-the-wisps
  16 wolf spiders
  An orb spider (shapeshifter) (Depths:3)
  34 ugly things
  2 stone giant zombies
  A fire giant zombie (Vaults:4)
  2 sphinx skeletons (Depths:3)
  7 moths of wrath
  A salamander (Depths:2)
  A dire elephant zombie (Lair:6)
  A moth of wrath (shapeshifter) (Vaults:4)
  2 frost giant skeletons
  3 manticores
  3 elephants
  5 centaur zombies
  A smoke demon (Depths:2)
  A black mamba (shapeshifter) (Depths:3)
  An ice statue (IceCv)
  A black mamba (Lair:6)
  12 vault sentinels
  A spriggan zombie (Depths:3)
  A torpor snail (shapeshifter) (Vaults:5)
  An unseen horror (D:12)
  The ghost of Necrophagist the Ducker, a novice DjFE (D:4)
  7 komodo dragons
  6 cane toads
  A rime drake (Lair:2)
  A kobold demonologist (D:12)
  22 yaktaurs
  9 demonic crawlers
  An ancient zyme (Abyss:3)
  7 freezing wraiths
  An ice devil (D:15)
  2 tengu conjurers (Depths:4)
  A spark wasp simulacrum (Depths:3)
  A meliai (shapeshifter) (Depths:3)
  5 trolls
  2 trolls (shapeshifter) (Depths:3)
  23 jumping spiders
  9 blink frogs
  A polar bear (D:13)
  6 tyrant leeches
  3 raiju
  A wind drake (Vaults:1)
  15 hornets
  A spectral elephant (Lair:6)
  16 dream sheep (Lair:6)
  A dream sheep (shapeshifter) (Elf:2)
  9 slime creatures
  A sphinx simulacrum (Vaults:4)
  2 water elementals
  42 yaks
  82 redbacks
  An ettin skeleton (D:15)
  A shadow (D:11)
  7 wyverns
  2 vampires
  9 spriggans
  27 tarantellas
  6 fire elementals
  5 chaos spawn (Abyss:3)
  5 fire bats
  4 swamp worm simulacra (Swamp:4)
  A basilisk (Lair:4)
  2 wargs
  7 vampire mosquitoes
  10 swamp worms
  12 water moccasins
  8 hydra simulacra (Swamp:4)
  A hell hound (Elf:3)
  A floating eye (Vaults:2)
  4 black bears
  4 sky beasts
  10 orc warriors
  An ice beast (Vaults:3)
  22 ogres
  A swamp drake (Swamp:3)
  13 wolves
  4 boggarts (Vaults:2)
  5 centaurs
  3 lemures
  A phantom (D:5)
  2 kobold brigands
  A gnoll sergeant (D:11)
  11 bullfrogs
  3 earth elementals (Elf:1)
  3 scorpions
  A wyvern skeleton (D:5)
  The ghost of anet the Covert, a weakling GnDe (D:4)
  A water moccasin skeleton (D:5)
  5 killer bees (D:10)
  5 electric eels
  13 wights
  2 howler monkeys
  12 jellies
  A bullfrog zombie (D:5)
  A gnoll shaman (D:6)
  A quasit (D:5)
  8 orc priests
  A bullfrog skeleton (D:5)
  4 hounds
  A centaur skeleton (D:5)
  6 orc wizards
  4 iguanas
  A wolf simulacrum (IceCv)
  9 nameless horrors
  A hound skeleton (D:5)
  2 howler monkey zombies
  8 gnolls
  6 adders
  A naga simulacrum (IceCv)
  3 shadow imps
  2 white imps
  An ufetubus (IceCv)
  3 swamp drake simulacra (Swamp:4)
  2 adder skeletons (D:4)
  3 worms
  4 dart slugs
  39 orcs
  5 bats
  3 endoplasms
  2 giant cockroaches (D:3)
  9 goblins
  7 hobgoblins
  7 jackals (D:2)
  8 kobolds
  8 quokkas
  8 ball pythons
  5 frilled lizards
  2 rats (D:1)
  2 starspawn tentacles (Abyss:3)
1316 creatures vanquished.

Vanquished Creatures (collateral kills)
  An ancient lich (Vaults:5)
  2 dread liches
  A juggernaut (Depths:3)
  Margery (Depths:3)
  2 golden dragons
  A walking earthen tome (Depths:3)
  Rupert (D:15)
  Jorgrun (Swamp:2)
  4 tentacled monstrosities
  2 deep elf blademasters (Elf:3)
  Asterion (Spider:2)
  A death cob (Zot:3)
  2 sphinxes
  A tengu reaver (Vaults:5)
  A storm dragon (Vaults:5)
  2 thorn hunters
  4 shadow dragons
  5 fire giants
  2 iron dragons
  6 vault wardens
  3 deep elf elementalists (Elf:3)
  2 frost giants
  A draconian stormcaller (Depths:4)
  5 ironbound preservers
  11 very ugly things
  A red draconian (Zot:1)
  An entropy weaver (Spider:1)
  2 stone giants
  3 dire elephants
  3 deep elf annihilators (Elf:3)
  2 spark wasps
  A purple draconian (Zot:1)
  A yellow draconian (Depths:4)
  3 white draconians
  2 eleionomae
  2 fire dragons
  2 deep elf death magi
  A quicksilver dragon zombie (Vaults:4)
  2 great orbs of eyes (Depths:3)
  3 deep elf high priests
  2 ironbound thunderhulks (Vaults:1)
  12 vault guards (Vaults:5)
  3 ice dragons
  An ironbound frostheart (Vaults:2)
  A peacekeeper (Vaults:4)
  2 ogre magi
  12 hydras
  A boulder beetle (D:14)
  An alligator (Swamp:1)
  4 two-headed ogres
  A deep troll shaman (Depths:2)
  4 dancing weapons
  2 death yaks
  4 spriggan berserkers
  2 deep troll earth magi
  A tengu warrior (Depths:4)
  7 hell knights
  2 skeletal warriors (D:15)
  A deep elf knight (Elf:1)
  A spectral anaconda (Lair:6)
  A spectral death yak (Lair:6)
  3 iron trolls
  A salamander mystic (Depths:2)
  A spriggan druid (Swamp:1)
  A goliath frog (Swamp:3)
  A glowing orange brain (Vaults:5)
  An orange crystal statue (Depths:3)
  3 swamp dragons
  2 swamp dragons (shapeshifter) (Depths:3)
  15 deep trolls
  A spark wasp zombie (Depths:1)
  5 ironbound convokers
  A deep elf archer (Elf:2)
  A bog body (IceCv)
  A golden dragon skeleton (Depths:3)
  5 deep elf pyromancers
  4 deep elf zephyrmancers
  3 wizards
  7 necromancers
  11 orb spiders
  A harpy (Vaults:1)
  5 manticores
  2 orc sorcerers
  A will-o-the-wisp (Swamp:4)
  15 ugly things
  A cyclops (Orc:1)
  10 wolf spiders
  An iron dragon zombie (Depths:3)
  A moth of wrath (shapeshifter) (Depths:3)
  A salamander (shapeshifter) (Vaults:4)
  2 salamanders (Depths:2)
  4 elephants
  An ice statue (IceCv)
  A black mamba (shapeshifter) (Depths:3)
  2 black mambas
  A frost giant skeleton (Depths:1)
  4 moths of wrath
  A centaur zombie (D:15)
  4 vault sentinels
  A torpor snail (Spider:4)
  2 smoke demons (Depths:2)
  4 cane toads
  4 freezing wraiths
  2 unseen horrors (shapeshifter)
  2 demonic crawlers (Spider:4)
  A komodo dragon (shapeshifter) (Vaults:5)
  6 yaktaurs
  A nameless horror (Elf:3)
  7 komodo dragons
  5 ice devils (IceCv)
  A tengu conjurer (D:13)
  A tyrant leech (Lair:2)
  3 polar bears
  A spriggan skeleton (D:15)
  14 jumping spiders
  3 raiju (Abyss:3)
  A jumping spider (shapeshifter) (Depths:3)
  4 hornets
  The ghost of IndexError the Chiller, an amateur GnIE (D:4)
  10 slime creatures
  4 blink frogs
  4 dream sheep (Lair:6)
  A stone giant simulacrum (Vaults:4)
  2 tarantellas
  An air elemental (Elf:3)
  A wyvern (Elf:3)
  16 redbacks
  4 spriggans
  A water elemental (Elf:2)
  A fire bat (Depths:2)
  14 yaks
  2 basilisks (Lair:4)
  A steam dragon (shapeshifter) (Depths:3)
  A hog (shapeshifter) (Depths:3)
  A large abomination (Abyss:3)
  A vampire mosquito (Swamp:1)
  3 wargs (Orc:1)
  4 swamp worms
  A human zombie (Vaults:4)
  A water moccasin (Lair:5)
  7 hydra simulacra (Swamp:4)
  2 swamp drakes
  A hornet zombie (D:15)
  2 ogres
  A centaur (D:10)
  4 wolves
  3 bullfrogs
  2 cane toad simulacra
  An earth elemental (Elf:1)
  3 jellies (Lair:6)
  2 orc wizards
  A mummy (D:15)
  A naga simulacrum (IceCv)
  A swamp drake simulacrum (Swamp:4)
  An ufetubus (IceCv)
  8 orcs
  A starspawn tentacle (Abyss:3)
461 creatures vanquished.

Vanquished Creatures (others)
  Xtahua (Vaults:4)
  2 alligators (Swamp:4)
  3 dancing weapons (Vaults:5)
  A slime creature (D:13)
  A deep troll (Depths:2)
  An ugly thing (Depths:1)
  2 bloated husks
  A redback (Spider:2)
  A chaos spawn (Abyss:3)
  A wight (D:6)
  3 jellies (Lair:6)
  15 ball lightnings
  A briar patch (Swamp:4)
  12 foxfires
  58 fungi
  49 plants
  2 starspawn tentacles (Abyss:3)
  22 withered plants
176 creatures vanquished.

Grand Total: 1953 creatures vanquished

Notes
Turn   | Place    | Note
-------+----------+-------------------------------------------
     0 | D:1      | EnegeticOcto the Djinni Chaos Knight began the quest for
                  | the Orb.
     0 | D:1      | Reached XP level 1. HP: 20/20 MP: 0/0
   358 | D:1      | XOM: divination: detect creatures
   360 | D:1      | Reached XP level 2. HP: 20/25 MP: 0/0
   466 | D:1      | XOM: 1-stop teleportation journey
   559 | D:1      | XOM: noise
  1082 | D:2      | XOM: enchant monster (good)
  1092 | D:2      | Reached skill level 4 in Unarmed Combat
  1092 | D:2      | Reached XP level 3. HP: 28/30 MP: 0/0
  1092 | D:2      | Learned a level 1 spell: Magic Dart
  1214 | D:2      | Found a faded altar of an unknown god.
  1409 | D:2      | XOM: summons 2 hostile shadow creatures
  1462 | D:2      | XOM: 3-stop teleportation journey
  1516 | D:2      | XOM: cloud trail
  1630 | D:2      | XOM: stat loss: -1 Dex (11/12)
  1638 | D:2      | Reached XP level 4. HP: 28/35 MP: 0/0
  1716 | D:2      | XOM: enchant monster (bad)
  1829 | D:2      | XOM: 5-stop teleportation journey
  1903 | D:2      | XOM: polymorph gnoll -> jackal
  1924 | D:2      | XOM: god gift: scarf of invisibility
  2041 | D:2      | XOM: god gift: Itsall's Collected Works on the Traveller
                  | {god gift}
  2042 | D:2      | XOM: cloud trail
  2253 | D:3      | Reached skill level 5 in Unarmed Combat
  2274 | D:3      | Found a shadowy altar of Dithmenos.
  2398 | D:3      | XOM: scenery: summon butterflies
  2599 | D:3      | XOM: scenery: 1 doors open
  2831 | D:3      | Reached XP level 5. HP: 40/40 MP: 0/0
  2831 | D:3      | Learned a level 2 spell: Ensorcelled Hibernation
  2904 | D:3      | XOM: cloud trail
  2983 | D:3      | XOM: god gift: crooked jewelled staff {god gift}
  3071 | D:3      | XOM: scenery: 2 doors open, 2 doors close
  3244 | D:4      | Found Xiesmien's General Store.
  3244 | D:4      | XOM: noise
  3311 | D:4      | XOM: god gift: +1 hunting sling of chaos
  3316 | D:4      | Bought a potion of heal wounds for 70 gold pieces
  3316 | D:4      | Bought a potion of attraction for 42 gold pieces
  3435 | D:4      | Noticed an ogre
  3443 | D:4      | XOM: scenery: 1 doors open, 2 doors close
  3453 | D:4      | Killed an ogre
  3454 | D:4      | Reached skill level 1 in Spellcasting
  3454 | D:4      | Reached XP level 6. HP: 24/47 MP: 0/0
  3549 | D:4      | XOM: 9-stop teleportation journey
  3623 | D:4      | XOM: scenery: 1 doors open, 1 doors close
  3683 | D:4      | XOM: confusion
  3691 | D:4      | Reached skill level 4 in Fighting
  3725 | D:4      | Reached skill level 2 in Spellcasting
  4102 | D:4      | Found a hide-covered altar of Uskayaw.
  4159 | D:4      | Found a runed translucent gate.
  4159 | D:4      | Found a runed translucent gate.
  4159 | D:4      | Found a runed translucent gate.
  4159 | D:4      | Noticed anet's ghost (weakling GnDe)
  4160 | D:4      | Noticed IndexError's ghost (amateur GnIE)
  4160 | D:4      | Noticed Necrophagist's ghost (novice DjFE)
  4223 | D:4      | Found an opulent altar of Gozag.
  4252 | D:4      | Found a glowing silver altar of Zin.
  4382 | D:5      | Entered Level 5 of the Dungeon
  4416 | D:5      | Reached XP level 7. HP: 46/53 MP: 0/0
  4416 | D:5      | Learned a level 2 spell: Wereblood
  4516 | D:5      | XOM: polymorph ufetubus -> quasit
  4520 | D:5      | XOM: 4-stop teleportation journey
  4545 | D:5      | XOM: enchant monster (good)
  4561 | D:5      | Reached skill level 5 in Fighting
  4640 | D:5      | Reached skill level 6 in Unarmed Combat
  4807 | D:5      | XOM: confuse monster(s)
  4822 | D:5      | XOM: smoke on damage
  4841 | D:5      | Reached skill level 7 in Unarmed Combat
  4929 | D:5      | XOM: god gift: scroll labelled XUAREMIMAN {god gift}
  4987 | D:5      | Reached XP level 8. HP: 37/59 MP: 0/0
  5244 | D:5      | XOM: cleaving
  5308 | D:5      | Found Moaxud's General Store.
  5319 | D:5      | Identified the +1 leather armour "Qewiqugh" {Int+4}
  5338 | D:5      | Bought a potion of curing for 45 gold pieces
  5338 | D:5      | Bought 2 scrolls of identify for 60 gold pieces
  5339 | D:5      | Identified a scroll of acquirement
  5340 | D:5      | Acquired the ring of Hoid {rF+ AC+4 Str+2 Dex+4}
  5397 | D:5      | XOM: summons 8 friendly demons
  5427 | D:5      | Reached skill level 3 in Spellcasting
  5454 | D:5      | XOM: 1-stop teleportation journey
  5913 | D:5      | Found an iron altar of Okawaru.
  5928 | D:5      | XOM: give mutation
  5928 | D:5      | Gained mutation: Your spells are a little harder to cast,
                  | but a little more powerful. [Xom's grace]
  6109 | D:5      | Bought a +0 buckler for 67 gold pieces
  6244 | D:6      | Reached skill level 1 in Shields
  6244 | D:6      | Reached skill level 8 in Unarmed Combat
  6404 | D:6      | Reached skill level 2 in Shields
  6412 | D:6      | Reached skill level 4 in Spellcasting
  6412 | D:6      | Reached XP level 9. HP: 45/65 MP: 0/0
  6412 | D:6      | Learned a level 4 spell: Dispel Undead
  6416 | D:6      | XOM: scenery: 1 doors close
  6422 | D:6      | XOM: divine lightning
  6427 | D:6      | XOM: confuse monster(s)
  6696 | D:5      | XOM: noise
  6912 | D:6      | XOM: blink monster(s)
  7112 | D:6      | Reached skill level 3 in Shields
  7312 | D:6      | XOM: god gift: scroll labelled HIK QEEGOEKHO {god gift}
  7458 | D:6      | XOM: enchant monster (bad)
  7877 | D:6      | Reached skill level 4 in Shields
  7877 | D:6      | Reached skill level 5 in Spellcasting
  7931 | D:6      | XOM: silly message
  8108 | D:7      | XOM: potion effect (curing)
  8544 | D:7      | Identified the +3 flail of Witoll {elec, rC++ rN+++ Dex-4}
  8580 | D:7      | Found a staircase to the Ecumenical Temple.
  8660 | D:7      | Reached skill level 6 in Fighting
  8663 | D:7      | Found a blossoming altar of Fedhas.
  8669 | D:7      | Found a hazy altar of Hepliaklqana.
  8879 | D:7      | Reached skill level 9 in Unarmed Combat
  8985 | D:7      | XOM: divination: magic mapping
  9181 | D:8      | Noticed Pikel
  9190 | D:7      | XOM: divination: detect creatures
  9238 | D:7      | Reached XP level 10. HP: 70/73 MP: 0/0
  9388 | D:8      | XOM: noise
  9389 | D:8      | XOM: cast spell 'Statue Form'
  9392 | D:8      | XOM: noise
  9394 | D:8      | Paralysed by Pikel for 6 turns
  9402 | D:8      | Killed Pikel
  9403 | D:8      | Reached skill level 7 in Fighting
  9413 | D:8      | Noticed a two-headed ogre
  9428 | D:8      | XOM: chaos upgrade
  9546 | D:7      | XOM: give mutations
  9546 | D:7      | Gained mutation: You are dopey. (Int -2) [Xom's mischief]
  9546 | D:7      | Gained mutation: You are agile. (Dex +2) [Xom's mischief]
  9546 | D:7      | Lost mutation: Your spells are a little harder to cast, but
                  | a little more powerful. [Xom's mischief]
  9573 | D:8      | XOM: swap monsters
  9581 | D:8      | Killed a two-headed ogre
  9582 | D:8      | Reached skill level 8 in Fighting
  9582 | D:8      | Reached skill level 10 in Unarmed Combat
  9660 | D:8      | Noticed Harold
  9678 | D:8      | XOM: swap monsters
  9686 | D:8      | Killed Harold
  9778 | D:8      | Noticed Maurice
  9781 | D:8      | Noticed Maurice
  9781 | D:8      | Maurice changed into Maurice the blink frog
  9794 | D:8      | Killed Maurice the blink frog
  9826 | D:8      | Found a glowing golden altar of the Shining One.
 10063 | D:9      | XOM: potion effect (brilliance)
 10078 | D:9      | Reached skill level 9 in Fighting
 10085 | D:9      | XOM: potion effect (curing)
 10089 | D:9      | Reached XP level 11. HP: 77/84 MP: 0/0
 10089 | D:9      | Learned a level 5 spell: Summon Mana Viper
 10133 | D:9      | Reached skill level 10 in Fighting
 10137 | D:9      | XOM: divination: magic mapping
 10401 | D:9      | XOM: divination: detect creatures
 10416 | D:9      | Found a staircase to the Lair.
 10437 | D:9      | XOM: 6-stop teleportation journey
 10468 | D:9      | XOM: divination: magic mapping
 10487 | D:9      | Reached skill level 6 in Spellcasting
 10726 | D:9      | Found a staircase to the Orcish Mines.
 11072 | D:10     | Entered Level 10 of the Dungeon
 11075 | D:10     | Noticed a two-headed ogre
 11075 | D:10     | XOM: potion effect (haste)
 11084 | D:10     | Killed a two-headed ogre
 11158 | D:10     | Noticed a two-headed ogre
 11174 | D:10     | Killed a two-headed ogre
 11175 | D:10     | Reached skill level 7 in Spellcasting
 11399 | D:10     | XOM: god gift: wand of flame (19)
 11449 | D:10     | Noticed a two-headed ogre
 11450 | D:10     | Noticed a two-headed ogre
 11454 | D:10     | XOM: destruction
 11459 | D:10     | XOM: divination: detect creatures
 11461 | D:10     | Killed a two-headed ogre
 11462 | D:10     | Killed a two-headed ogre
 11750 | D:10     | Found a sacrificial altar of Ru.
 11757 | D:10     | Found a basalt altar of Yredelemnul.
 11757 | D:10     | Found a burning altar of Makhleb.
 11873 | D:10     | XOM: summons friendly white imp
 11876 | D:10     | XOM: confuse monster(s)
 11889 | D:10     | Reached skill level 8 in Spellcasting
 12132 | D:10     | XOM: confuse monster(s)
 12139 | D:10     | Reached skill level 3 in Dodging
 12158 | D:10     | Reached skill level 4 in Dodging
 12382 | D:11     | XOM: scenery: 1 doors open
 12387 | D:11     | XOM: enchant monster (bad)
 12398 | D:11     | Reached XP level 12. HP: 91/91 MP: 0/0
 12451 | D:11     | Found Dugrob's Antique Armour Boutique.
 12459 | D:11     | Bought a shiny ring mail for 210 gold pieces
 12508 | D:11     | XOM: cast spell 'Leda's Liquefaction'
 12509 | D:11     | Reached skill level 5 in Dodging
 12516 | D:11     | XOM: divination: detect creatures
 12525 | D:11     | XOM: noise
 12776 | D:11     | XOM: god gift: 55 gold pieces
 12847 | D:11     | Noticed a two-headed ogre
 12857 | D:11     | Killed a two-headed ogre
 12858 | D:11     | Reached skill level 6 in Dodging
 12941 | D:11     | Noticed a tengu warrior
 12941 | D:11     | Noticed a five-headed hydra
 12941 | D:11     | Noticed a tengu warrior
 12967 | D:11     | XOM: summons friendly quasit
 12979 | D:11     | XOM: enchant monster (good)
 12985 | D:11     | XOM: enchant monster (bad)
 12990 | D:11     | Killed a tengu warrior
 13283 | D:11     | Killed a tengu warrior
 13284 | D:11     | Reached skill level 9 in Spellcasting
 13329 | D:11     | XOM: confusion (+ monsters)
 13354 | D:11     | XOM: give mutations
 13354 | D:11     | Gained mutation: Armour fits poorly on your strangely
                  | shaped body. [Xom's mischief]
 13354 | D:11     | Gained mutation: You are weak. (Str -2) [Xom's mischief]
 13354 | D:11     | Gained mutation: You are very weak. (Str -4) [Xom's
                  | mischief]
 13354 | D:11     | Lost mutation: You are very weak. (Str -4) [Xom's mischief]
 13367 | D:11     | Killed a five-headed hydra
 13437 | D:11     | XOM: fog
 13766 | D:11     | XOM: silly message
 13802 | D:11     | XOM: polymorph yak -> raiju
 13812 | D:11     | XOM: noise
 13818 | D:11     | XOM: smoke on damage
 13826 | D:11     | XOM: destruction
 14209 | D:9      | XOM: cloud trail
 14215 | Lair:1   | Entered Level 1 of the Lair of Beasts
 14294 | Lair:1   | XOM: 2-stop teleportation journey
 14392 | Lair:1   | XOM: silly message
 14586 | Lair:1   | XOM: 3-stop teleportation journey
 14692 | Lair:1   | XOM: silly message
 14848 | Lair:1   | XOM: destruction
 15245 | D:9      | Reached skill level 10 in Spellcasting
 15380 | D:9      | XOM: give mutations
 15380 | D:9      | Lost mutation: You are weak. (Str -2) [Xom's grace]
 15592 | Lair:1   | XOM: 7-stop teleportation journey
 15646 | Lair:1   | XOM is BORED!
 16217 | Lair:2   | Noticed a death yak
 16217 | Lair:2   | XOM: potion effect (invisibility)
 16219 | Lair:2   | Noticed a death yak
 16221 | Lair:2   | Noticed a death yak
 16227 | Lair:2   | Noticed an eight-headed hydra
 16238 | Lair:1   | XOM: divination: magic mapping
 16248 | Lair:1   | Killed a death yak
 16258 | Lair:1   | Reached XP level 13. HP: 39/96 MP: 0/0
 16258 | Lair:1   | Learned a level 5 spell: Alistair's Intoxication
 16333 | Lair:1   | XOM: silly message
 16416 | Lair:1   | XOM: divination: detect items
 16492 | Lair:2   | XOM: noise
 16497 | Lair:2   | XOM: potion effect (berserk rage)
 16583 | Lair:2   | Reached skill level 11 in Spellcasting
 16583 | Lair:2   | XOM: silly message
 16728 | Lair:2   | XOM: enchant monster (good)
 16745 | Lair:2   | XOM: summons friendly ufetubus
 16768 | Lair:2   | XOM: fake destruction
 17069 | Lair:2   | XOM: fog
 17078 | Lair:2   | XOM: destruction
 17087 | Lair:2   | Noticed Sonja
 17092 | Lair:2   | Noticed an eight-headed hydra
 17095 | Lair:2   | XOM: scenery: summon butterflies
 17101 | Lair:2   | XOM: enchant monster (bad)
 17113 | Lair:1   | XOM: enchant monster (bad)
 17368 | Lair:2   | XOM: 4-stop teleportation journey
 17391 | Lair:2   | Found a hole to the Spider Nest.
 17391 | Lair:2   | Noticed a seven-headed hydra
 17391 | Lair:2   | Noticed a six-headed hydra
 17391 | Lair:2   | XOM: 7-stop teleportation journey
 17393 | Lair:2   | Noticed Sonja
 17393 | Lair:2   | Sonja changed into Sonja the rime drake
 17670 | Lair:2   | XOM: blink monster(s)
 17681 | Lair:2   | Killed Sonja the rime drake
 17780 | Lair:2   | Killed an eight-headed hydra
 18012 | Lair:2   | Reached skill level 12 in Spellcasting
 18012 | Lair:2   | Reached skill level 1 in Evocations
 18018 | Lair:2   | XOM: stat loss: -1 Str (12/13)
 18020 | Lair:2   | Reached skill level 2 in Evocations
 18045 | Lair:2   | XOM: give mutation
 18282 | Lair:2   | Killed an eight-headed hydra
 18283 | Lair:2   | Reached skill level 3 in Evocations
 18350 | Lair:2   | XOM: scenery: 1 doors open
 18623 | Lair:2   | XOM: divination: magic mapping
 18655 | Lair:2   | XOM: god gift: scroll of teleportation
 18716 | Lair:2   | XOM: cast spell 'Summon Ice Beast'
 18729 | Lair:2   | Killed a seven-headed hydra
 18730 | Lair:2   | Reached skill level 4 in Evocations
 18947 | Lair:2   | XOM: 1-stop teleportation journey
 19291 | Lair:2   | XOM: potion effect (heal wounds)
 19316 | Lair:2   | Killed a six-headed hydra
 19317 | Lair:2   | Reached skill level 2 in Armour
 19530 | Lair:2   | XOM: give mutations
 19530 | Lair:2   | Gained mutation: You are robust. (+10% HP) [Xom's mischief]
 19530 | Lair:2   | Lost mutation: You are agile. (Dex +2) [Xom's mischief]
 19530 | Lair:2   | Gained mutation: You are partially covered in iridescent
                  | scales. (AC +2) [Xom's mischief]
 19530 | Lair:2   | Lost mutation: You are partially covered in iridescent
                  | scales. (AC +2) [Xom's mischief]
 19587 | Lair:2   | Found a staircase to the Swamp.
 19708 | Lair:3   | Reached skill level 3 in Armour
 19771 | Lair:3   | XOM is BORED!
 19771 | Lair:3   | Noticed a four-headed hydra
 19771 | Lair:3   | XOM: 3-stop teleportation journey
 19776 | Lair:3   | XOM: noise
 19791 | Lair:3   | Killed a four-headed hydra
 19792 | Lair:3   | Reached skill level 4 in Armour
 19955 | Lair:3   | Reached skill level 11 in Unarmed Combat
 20141 | Lair:3   | Identified the +5 morningstar of the Ecumenical Temple
                  | {flame, rCorr}
 20386 | Lair:4   | Noticed a five-headed hydra
 20392 | Lair:4   | Killed a five-headed hydra
 20429 | Lair:4   | XOM is BORED!
 20429 | Lair:4   | XOM: give mutations
 20429 | Lair:4   | Gained mutation: Your flesh is almost immune to the effects
                  | of heat. (rF+++) [Xom's mischief]
 20429 | Lair:4   | Lost mutation: You are dopey. (Int -2) [Xom's mischief]
 20429 | Lair:4   | Gained mutation: You sometimes lose the ability to read
                  | scrolls when taking damage. [Xom's mischief]
 20486 | Lair:4   | Noticed a seven-headed hydra
 20493 | Lair:4   | Killed a seven-headed hydra
 20613 | Lair:4   | XOM: give mutation
 20613 | Lair:4   | Lost mutation: Armour fits poorly on your strangely shaped
                  | body. [Xom's mischief]
 20712 | Lair:4   | XOM: polymorph butterfly -> swamp drake
 20770 | Lair:4   | Noticed Nergalle
 20778 | Lair:4   | XOM: enchant monster (good)
 20812 | Lair:3   | Killed Nergalle
 20870 | Lair:4   | Reached XP level 14. HP: 113/113 MP: 0/0
 20945 | Lair:4   | Reached skill level 12 in Unarmed Combat
 21292 | Lair:4   | XOM: summons 5 hostile demons
 21798 | Lair:5   | XOM: scenery: summon butterflies
 21805 | Lair:5   | XOM: polymorph butterfly -> glowing shapeshifter
 21883 | Lair:5   | XOM: divination: magic mapping
 21937 | Lair:5   | Reached skill level 13 in Unarmed Combat
 21964 | Lair:5   | XOM: 2-stop teleportation journey
 21970 | Lair:5   | XOM: 2-stop teleportation journey
 22924 | Lair:6   | Entered Level 6 of the Lair of Beasts
 22927 | Lair:6   | XOM: enchant monster (bad)
 22935 | Lair:6   | Reached skill level 14 in Unarmed Combat
 22990 | Lair:6   | Found a staircase to the Slime Pits.
 22995 | Lair:6   | XOM: destruction
 23025 | Lair:6   | XOM: polymorph jelly -> wyvern
 24144 | Lair:6   | Reached skill level 15 in Unarmed Combat
 24522 | Lair:6   | Noticed a dire elephant
 24522 | Lair:6   | Noticed a dire elephant
 24523 | Lair:6   | Noticed a dire elephant
 24529 | Lair:6   | XOM: summons friendly iron imp
 24543 | Lair:6   | Killed a dire elephant
 24729 | Lair:6   | XOM: summons friendly crimson imp
 24861 | Lair:6   | XOM: confuse monster(s)
 24873 | Lair:6   | Killed a dire elephant
 24893 | Lair:6   | Killed a dire elephant
 25089 | Lair:6   | Identified the +1 leather armour of the Mantidfly {rF+++
                  | Int-2 SInv}
 25159 | Lair:6   | Reached XP level 15. HP: 114/117 MP: 0/0
 25159 | Lair:6   | Learned a level 6 spell: Conjure Ball Lightning
 25206 | Lair:6   | Reached skill level 16 in Unarmed Combat
 25306 | Lair:6   | XOM: god gift: 24 bolts
 25313 | Lair:6   | XOM: cloud trail
 25548 | Lair:6   | XOM: give mutations
 25548 | Lair:6   | Lost mutation: You sometimes lose the ability to read
                  | scrolls when taking damage. [Xom's mischief]
 25548 | Lair:6   | Gained mutation: You are clumsy. (Dex -2) [Xom's mischief]
 25548 | Lair:6   | Gained mutation: You have a pair of small antennae on your
                  | head. [Xom's mischief]
 25598 | Lair:6   | XOM: draining
 26029 | D:4      | Killed Necrophagist's ghost
 26033 | D:4      | Killed IndexError's ghost
 26036 | D:4      | Killed anet's ghost
 26422 | D:12     | Identified the +11 rapier of Equilibrium {vorpal, *Slow
                  | Int+6 Dex+4}
 26541 | D:12     | XOM: summons 8 hostile demons
 26559 | D:12     | XOM: noise
 26577 | D:12     | XOM: enchant monster (bad)
 26967 | D:12     | XOM: give mutations
 26967 | D:12     | Gained mutation: You sometimes lose the ability to read
                  | scrolls when taking damage. [Xom's mischief]
 26967 | D:12     | Gained mutation: You occasionally shout uncontrollably at
                  | your foes. [Xom's mischief]
 26967 | D:12     | Lost mutation: You are robust. (+10% HP) [Xom's mischief]
 26967 | D:12     | Gained mutation: You frequently scream uncontrollably at
                  | your foes. [Xom's mischief]
 27032 | D:12     | XOM: 1-stop teleportation journey
 27345 | D:13     | XOM: enchant monster (good)
 27364 | D:13     | Reached skill level 11 in Fighting
 27505 | D:13     | Found a runed translucent door.
 27533 | D:13     | Found a frozen archway.
 27791 | IceCv    | Entered an ice cave
 28230 | IceCv    | Reached skill level 12 in Fighting
 28329 | IceCv    | Identified the +7 great mace of Wyrd {vorpal, rPois Str+3}
                  | (Xom gifted it to you in an ice cave)
 28329 | IceCv    | XOM: god gift: +7 great mace of Wyrd {chaos, rPois Str+3}
 28568 | D:13     | Found a gate to the Vaults.
 28591 | D:13     | XOM: confuse monster(s)
 28988 | D:13     | XOM: scenery: create altars
 29364 | D:13     | Noticed Gargoyl's ghost (journeyman GnAK)
 29492 | D:13     | Killed Gargoyl's ghost
 29498 | D:13     | Identified the ring "Qoaly" {rPois rC- Dex+3 Slay+2 Stlth-}
 29656 | Orc:1    | Entered Level 1 of the Orcish Mines
 29689 | Orc:1    | Noticed Erica
 29691 | Orc:1    | XOM: repel stairs
 29715 | Orc:1    | Killed Erica
 29716 | Orc:1    | Reached skill level 13 in Fighting
 29877 | Orc:2    | Entered Level 2 of the Orcish Mines
 30015 | Orc:2    | Found a staircase to the Elven Halls.
 30031 | Orc:1    | XOM: polymorph orc warrior -> warg
 30376 | Orc:2    | XOM: divination: magic mapping
 30461 | Orc:1    | XOM: noise
 31008 | Orc:1    | XOM: scenery: summon butterflies
 31120 | Orc:1    | Reached XP level 16. HP: 113/122 MP: 0/0
 31125 | Orc:1    | Reached skill level 14 in Fighting
 31153 | Orc:2    | XOM: summons friendly quasit
 31154 | Orc:2    | XOM: confuse monster(s)
 31184 | Orc:2    | Reached skill level 5 in Evocations
 31546 | Orc:2    | Found Nocvisudig's Book Boutique.
 31546 | Orc:2    | XOM: 7-stop teleportation journey
 31559 | Orc:2    | XOM: noise
 31628 | Orc:2    | XOM: noise
 31636 | Orc:2    | XOM: divination: detect creatures
 31851 | Orc:2    | Found Ysuipsi's Antique Weapon Boutique.
 31851 | Orc:2    | Found Voirphur's Assorted Antiques.
 31852 | Orc:2    | Found Foemax's Assorted Antiques.
 31852 | Orc:2    | Found Hitoc's Antique Weapon Shop.
 31863 | Orc:2    | XOM: potion effect (haste)
 31869 | Orc:2    | Reached skill level 6 in Evocations
 31973 | Orc:2    | Bought a dented cameo amulet for 145 gold pieces
 31973 | Orc:2    | Bought the +3 warlock's mirror {reflect} for 1160 gold
                  | pieces
 31973 | Orc:2    | Found the +3 warlock's mirror {reflect}
 31973 | Orc:2    | Bought a scroll of teleportation for 87 gold pieces
 31974 | Orc:2    | Bought a scroll of teleportation for 114 gold pieces
 31974 | Orc:2    | Bought a scroll of immolation for 133 gold pieces
 32082 | Orc:2    | XOM: confuse monster(s)
 32217 | Orc:2    | XOM: silly message
 32300 | Orc:2    | XOM: cloud trail
 32688 | Orc:2    | XOM: draining
 32721 | Orc:2    | XOM: summons 9 hostile demons
 32808 | Orc:1    | XOM: god gift: 59 gold pieces
 32813 | Orc:1    | Reached skill level 7 in Evocations
 33264 | D:14     | XOM: summons 1 hostile demon
 33471 | D:14     | XOM: give mutation
 33471 | D:14     | Lost mutation: You frequently scream uncontrollably at your
                  | foes. [Xom's mischief]
 33657 | D:14     | XOM: give mutations
 33657 | D:14     | Gained mutation: You have a beak for a mouth. [Xom's grace]
 33657 | D:14     | Gained mutation: You have sharp fingernails. [Xom's grace]
 33755 | D:14     | XOM: scenery: 2 doors close
 33792 | D:14     | Reached skill level 8 in Evocations
 33944 | D:14     | Found a portal to a secret trove of treasure.
 34000 | D:15     | Entered Level 15 of the Dungeon
 34000 | D:15     | Found Hatav's Armour Boutique.
 34008 | D:14     | XOM: polymorph mana viper -> guardian serpent
 34106 | D:15     | XOM: silly message
 34119 | D:15     | XOM: confuse monster(s)
 34188 | D:15     | XOM: blink monster(s)
 34213 | D:15     | Found a staircase to the Depths.
 34285 | D:15     | Reached skill level 15 in Fighting
 34339 | D:15     | Found Deriniul's Weapon Shoppe.
 34364 | D:15     | Noticed Rupert
 34373 | D:15     | Killed Rupert
 34388 | D:15     | Found Uvavun's Magic Scroll Boutique.
 34403 | D:15     | Bought a scroll of vulnerability for 97 gold pieces
 34403 | D:15     | Bought a scroll of teleportation for 39 gold pieces
 34403 | D:15     | Bought a scroll of fog for 26 gold pieces
 34403 | D:15     | Bought a scroll of enchant armour for 97 gold pieces
 34403 | D:15     | Bought a scroll of teleportation for 39 gold pieces
 34430 | D:15     | Found Ilaraopt's Armour Shop.
 34464 | D:15     | Identified Roxanne's Incunabulum of Transmutation
 34464 | D:15     | Noticed Roxanne
 34510 | D:15     | XOM: noise
 34649 | D:15     | Found Veshippa's Assorted Antiques.
 34657 | D:15     | Bought a scroll of immolation for 112 gold pieces
 34796 | D:15     | XOM: potion effect (curing)
 35327 | D:10     | XOM: give mutation
 35327 | D:10     | Gained mutation: You are partially covered in iridescent
                  | scales. (AC +2) [Xom's grace]
 35464 | Swamp:1  | Entered Level 1 of the Swamp
 35520 | Swamp:1  | XOM: god gift: book of Blood
 35585 | Swamp:1  | Reached skill level 16 in Fighting
 35646 | Swamp:1  | Identified the +1 cloak of Lesser Demons {rPois Str+5}
 35650 | Swamp:1  | XOM: god gift: spear {god gift}
 35710 | Swamp:1  | Reached XP level 17. HP: 76/133 MP: 0/0
 35710 | Swamp:1  | Learned a level 6 spell: Simulacrum
 35963 | Swamp:1  | XOM: polymorph alligator -> tyrant leech
 36291 | D:5      | XOM: give mutation
 36291 | D:5      | Gained mutation: You are dopey. (Int -2) [Xom's mischief]
 36336 | D:4      | Bought a box of beasts for 560 gold pieces
 36433 | D:6      | XOM: summons 2 hostile demons
 36669 | Swamp:2  | XOM: repel stairs
 36674 | Swamp:2  | XOM: divination: detect creatures
 36745 | Swamp:1  | XOM: god gift: 56 gold pieces
 36753 | Swamp:2  | XOM: summons friendly white imp
 36785 | Swamp:2  | XOM: god gift: Fodank's Compendium of the Gliding Volcanoes
                  | {god gift}
 36796 | Swamp:2  | Acquired a manual of Unarmed Combat
 36987 | Swamp:2  | Reached skill level 7 in Dodging
 37073 | Swamp:2  | XOM: enchant monster (good)
 37122 | Swamp:2  | XOM: silly message
 37263 | Swamp:2  | Noticed Jorgrun
 37276 | Swamp:2  | Killed Jorgrun
 37436 | Swamp:3  | Noticed a tentacled monstrosity
 37454 | Swamp:3  | Killed a tentacled monstrosity
 37455 | Swamp:3  | Reached skill level 17 in Unarmed Combat
 37538 | Swamp:2  | Reached skill level 8 in Dodging
 37593 | Swamp:3  | XOM: noise
 37594 | Swamp:3  | Noticed a thorn hunter
 37660 | Swamp:2  | XOM: cast spell 'Cause Fear'
 37708 | Swamp:3  | XOM: smoke on damage
 37718 | Swamp:3  | Killed a thorn hunter
 37874 | Swamp:3  | Paralysed by a fenstrider witch for 6 turns
 37879 | Swamp:3  | XOM: cast spell 'Summon Mana Viper'
 37879 | Swamp:3  | XOM: smoke on damage
 37880 | Swamp:3  | HP: 3/133 [acid (10)]
 37902 | Swamp:3  | XOM: enchant monster (bad)
 38264 | Swamp:4  | Entered Level 4 of the Swamp
 38264 | Swamp:4  | Noticed a thorn hunter
 38288 | Swamp:3  | Reached skill level 9 in Dodging
 38497 | Swamp:4  | Killed a thorn hunter
 38498 | Swamp:4  | Reached skill level 18 in Unarmed Combat
 38754 | Swamp:4  | XOM: 1-stop teleportation journey
 38765 | Swamp:4  | XOM: summons 2 hostile demons
 38772 | Swamp:4  | XOM: potion effect (invisibility)
 38929 | Swamp:4  | XOM: give mutations
 38929 | Swamp:4  | Gained mutation: You are mostly covered in iridescent
                  | scales. (AC +4) [Xom's grace]
 38929 | Swamp:4  | Gained mutation: Your movements are slightly less
                  | encumbered by armour. (ER -2) [Xom's grace]
 38955 | Swamp:4  | Noticed Mara
 38975 | Swamp:4  | Killed Mara
 38976 | Swamp:4  | Reached skill level 10 in Dodging
 39275 | Swamp:4  | Reached skill level 19 in Unarmed Combat
 39509 | Spider:1 | Entered Level 1 of the Spider Nest
 39517 | Spider:1 | XOM: summons 5 hostile demons
 39520 | Lair:2   | XOM: confusion (+ monsters)
 39544 | Lair:2   | Upgraded the game from 0.28-a0-578-g717728bcc0 to
                  | 0.28-a0-586-gbdb9d174a4
 39581 | Lair:2   | XOM: confusion (+ monsters)
 39584 | Lair:2   | XOM: summons 9 hostile demons
 39586 | Lair:2   | XOM: fog
 39590 | Lair:2   | Reached XP level 18. HP: 72/139 MP: 0/0
 39678 | Lair:2   | XOM: polymorph redback -> moth of wrath
 39709 | Lair:2   | Reached skill level 11 in Dodging
 39771 | Lair:2   | XOM: swap monsters
 39875 | Lair:2   | XOM: summons 1 hostile demon
 39889 | Lair:2   | XOM: give mutations
 39889 | Lair:2   | Lost mutation: You sometimes lose the ability to read
                  | scrolls when taking damage. [Xom's mischief]
 39889 | Lair:2   | Gained mutation: Your body sometimes deteriorates upon
                  | taking damage. [Xom's mischief]
 39892 | Lair:2   | XOM: summons 1 hostile shadow creature
 39901 | Lair:2   | XOM: swap monsters
 40052 | Spider:1 | You are sucked into a shaft and drop 1 floor!
 40081 | Spider:1 | XOM: swap monsters
 40119 | Spider:1 | XOM: smoke on damage
 40138 | Spider:1 | XOM: polymorph mana viper -> salamander
 40641 | Spider:2 | XOM: confusion
 40703 | Spider:2 | XOM: enchant monster (bad)
 40707 | Spider:2 | XOM: blink monster(s)
 40735 | Spider:2 | Reached skill level 20 in Unarmed Combat
 40842 | Spider:2 | Reached skill level 12 in Dodging
 40853 | Spider:2 | XOM: smoke on damage
 40907 | Spider:2 | XOM: swap monsters
 40912 | Spider:2 | XOM: smoke on damage
 41265 | Spider:2 | Identified the +7 shortbow of Income {venom, rElec Str+4}
 41280 | Spider:2 | You are sucked into a shaft and drop 1 floor!
 41283 | Spider:3 | Noticed Mlioglotl
 41447 | Spider:3 | XOM: summons 4 hostile shadow creatures
 41600 | Spider:3 | Noticed Asterion
 41647 | Spider:2 | Noticed an Executioner
 41654 | Spider:2 | Killed Asterion
 41722 | Spider:3 | XOM: swap monsters
 41766 | Spider:3 | Killed Mlioglotl
 41833 | Spider:3 | Reached skill level 21 in Unarmed Combat
 41902 | Spider:3 | XOM: enchant monster (bad)
 42030 | Spider:3 | XOM: stat loss: -1 Dex (15/17)
 42235 | Spider:4 | Entered Level 4 of the Spider Nest
 42259 | Spider:4 | XOM: swap monsters
 42412 | Spider:4 | XOM: summons 2 hostile demons
 42433 | Spider:4 | XOM: 1-stop teleportation journey
 42446 | Spider:4 | Reached XP level 19. HP: 104/145 MP: 0/0
 42446 | Spider:4 | Learned a level 7 spell: Summon Hydra
 42578 | Spider:4 | XOM: silly message
 42583 | Spider:4 | XOM: confuse monster(s)
 42592 | Spider:4 | Noticed Arachne
 42607 | Spider:4 | Killed Arachne
 42811 | Spider:4 | XOM: silly message
 42885 | Spider:4 | Got a gossamer rune of Zot
 43202 | Spider:4 | XOM: divination: detect creatures
 43235 | Spider:4 | Reached skill level 9 in Evocations
 43699 | D:9      | XOM: god gift: 36 gold pieces
 43790 | Vaults:1 | Entered Level 1 of the Vaults
 43799 | D:13     | XOM: summons friendly white imp
 43810 | D:13     | XOM: polymorph deep troll -> alligator
 44058 | Vaults:1 | Found a transporter.
 44060 | Vaults:1 | Found a transporter.
 44076 | Vaults:1 | Found a transporter.
 44149 | Vaults:1 | XOM: summons friendly ufetubus
 44208 | Vaults:1 | XOM: scenery: 2 doors open, 1 doors close
 44640 | Vaults:1 | XOM: divination: detect items
 44643 | Vaults:1 | Reached skill level 10 in Evocations
 44664 | Vaults:1 | XOM: divination: magic mapping
 44668 | Vaults:1 | Reached skill level 17 in Fighting
 44864 | Vaults:1 | XOM: torment (75/148 hp)
 44967 | Vaults:1 | Found a transporter.
 44984 | Vaults:1 | Found a transporter.
 44994 | Vaults:1 | Noticed a caustic shrike
 44995 | Vaults:1 | Noticed a golden dragon
 44995 | Vaults:1 | a caustic shrike changed into a golden dragon
 44998 | Vaults:1 | a golden dragon changed into a shadow dragon
 45005 | Vaults:1 | Noticed a golden dragon
 45005 | Vaults:1 | a shadow dragon changed into a golden dragon
 45006 | Vaults:1 | a golden dragon changed into an iron dragon
 45163 | Vaults:1 | XOM: polymorph ironbound preserver -> satyr
 45166 | Vaults:1 | XOM: cast spell 'Shadow Creatures'
 45517 | Vaults:1 | Identified the +0 ring mail of Gallantry {+Inv rElec Int-5
                  | Stlth+}
 45530 | Vaults:1 | XOM: cloud trail
 45568 | Vaults:2 | XOM: cast spell 'Leda's Liquefaction'
 45586 | Vaults:2 | Reached XP level 20. HP: 155/155 MP: 0/0
 45593 | Vaults:2 | Reached skill level 13 in Spellcasting
 45798 | Vaults:2 | XOM: confuse monster(s)
 45844 | Vaults:2 | XOM: smoke on damage
 45850 | Vaults:2 | XOM: polymorph mana viper -> shapeshifter
 45941 | Vaults:2 | Noticed a golden dragon
 45960 | Vaults:2 | Killed a golden dragon
 45979 | Vaults:2 | XOM: potion effect (curing)
 46000 | Vaults:2 | XOM: potion effect (haste)
 46058 | Vaults:2 | XOM: divination: detect creatures
 46101 | Vaults:2 | XOM: noise
 46118 | Vaults:2 | Reached skill level 11 in Evocations
 46124 | Vaults:2 | XOM: scenery: 1 doors close
 46143 | Vaults:2 | XOM: divination: detect items
 46165 | Vaults:2 | Found a staircase to the Crypt.
 46181 | Vaults:2 | XOM: enchant monster (bad)
 46419 | Vaults:2 | XOM: cloud trail
 46527 | Vaults:2 | XOM: 1-stop teleportation journey
 46532 | Vaults:2 | XOM: potion effect (invisibility)
 47026 | Vaults:2 | XOM: enchant monster (good)
 47485 | Vaults:3 | XOM: enchant monster (good)
 47539 | Vaults:3 | Reached skill level 18 in Fighting
 47579 | Vaults:3 | Found Jecigucw's Assorted Antiques.
 47583 | Vaults:3 | Bought a potion of heal wounds for 205 gold pieces
 47583 | Vaults:3 | Bought a potion of heal wounds for 205 gold pieces
 47583 | Vaults:3 | Bought a scroll of immolation for 143 gold pieces
 47583 | Vaults:3 | Bought a scroll of teleportation for 123 gold pieces
 47611 | Vaults:3 | XOM: divination: detect creatures
 47612 | Vaults:3 | XOM: divination: detect items
 47666 | Vaults:3 | XOM: enchant monster (bad)
 47684 | Vaults:3 | XOM: divination: detect items
 47690 | Vaults:3 | XOM: confuse monster(s)
 47693 | Vaults:3 | Reached skill level 12 in Evocations
 47743 | Vaults:3 | Identified the +4 hat "Vame" {rElec Str+2}
 47840 | Vaults:3 | Acquired 1175 gold pieces
 47869 | Vaults:3 | Bought 3 scrolls of blinking for 922 gold pieces
 47869 | Vaults:3 | Bought a potion of cancellation for 328 gold pieces
 47869 | Vaults:3 | Bought a wand of charming (9) for 82 gold pieces
 47869 | Vaults:3 | Bought a scroll of fear for 143 gold pieces
 47942 | Vaults:3 | XOM: god gift: 17 gold pieces
 48001 | Vaults:3 | Noticed a dread lich
 48001 | Vaults:3 | XOM: enchant monster (good)
 48010 | Vaults:3 | Killed a dread lich
 48037 | Vaults:3 | Reached XP level 21. HP: 163/163 MP: 0/0
 48037 | Vaults:3 | Learned a level 8 spell: Borgnjor's Revivification
 48162 | Vaults:3 | XOM: butterfly on damage
 48163 | Vaults:3 | Reached skill level 14 in Spellcasting
 48425 | Vaults:3 | Found Ciodwoit's Book Boutique.
 48703 | Vaults:4 | XOM: smoke on damage
 48707 | Vaults:4 | Cast into level 3 of the Abyss (a wizard)
 48711 | Abyss:3  | Found a sacrificial altar of Ru.
 48734 | Abyss:3  | Found a corrupted altar of Lugonu.
 48804 | Abyss:3  | Noticed a bone dragon
 48811 | Abyss:3  | XOM: blink monster(s)
 48832 | Abyss:3  | Killed a bone dragon
 48925 | Abyss:3  | XOM: noise
 48931 | Abyss:3  | Noticed a dread lich
 48934 | Abyss:3  | Got an abyssal rune of Zot
 48941 | Vaults:4 | Escaped the Abyss
 48945 | Vaults:4 | XOM: noise
 48945 | Vaults:4 | Noticed Xtahua
 49053 | Vaults:4 | XOM: polymorph yaktaur captain -> shapeshifter
 49059 | Vaults:4 | XOM: enchant monster (good)
 49117 | Vaults:4 | XOM: cast spell 'Monstrous Menagerie'
 49134 | Vaults:4 | Reached skill level 19 in Fighting
 49240 | Vaults:4 | XOM: 1-stop teleportation journey
 49249 | Vaults:4 | XOM: enchant monster (bad)
 49262 | Vaults:4 | XOM: noise
 49271 | Vaults:4 | XOM: confuse monster(s)
 49566 | Vaults:4 | XOM: cleaving
 49567 | Vaults:4 | XOM: destruction
 49571 | Vaults:4 | XOM: swap monsters
 49574 | Vaults:4 | Killed Xtahua
 49588 | Vaults:4 | XOM: confusion
 49600 | Vaults:4 | XOM: chaos upgrade
 49605 | Vaults:4 | XOM: stat loss: -1 Int (17/19)
 49736 | Vaults:4 | XOM: silly message
 49763 | Vaults:4 | XOM: summons friendly ufetubus
 49765 | Vaults:4 | XOM: scenery: 1 doors open
 49773 | Vaults:4 | XOM: fake destruction
 49878 | Vaults:4 | XOM: silly message
 49983 | Vaults:4 | XOM: god gift: 47 gold pieces
 50026 | Vaults:4 | XOM: 1-stop teleportation journey
 50082 | Vaults:4 | XOM: polymorph ironbound frostheart -> tyrant leech
 50088 | Vaults:4 | XOM: confusion (+ monsters)
 50116 | Vaults:4 | XOM: 3-stop teleportation journey
 50172 | Vaults:4 | Reached skill level 15 in Spellcasting
 50300 | Vaults:4 | XOM: summons 9 hostile demons
 50409 | Vaults:4 | XOM: summons 3 hostile demons
 50421 | Vaults:4 | XOM: swap monsters
 50501 | Vaults:4 | Found Xucw's Weapon Shop.
 50903 | Elf:1    | Entered Level 1 of the Elven Halls
 51100 | Elf:1    | Reached XP level 22. HP: 122/175 MP: 0/0
 51116 | Elf:1    | XOM: confusion (+ monsters)
 51308 | Elf:1    | XOM: 2-stop teleportation journey
 51417 | Elf:1    | Identified the +4 leather armour of Lucidity {Will+ Str+3
                  | Int+4}
 51449 | Elf:1    | XOM: potion effect (brilliance)
 51467 | Elf:1    | Reached skill level 20 in Fighting
 51481 | Elf:1    | Reached XP level 23. HP: 180/180 MP: 0/0
 51481 | Elf:1    | Learned a level 7 spell: Dragon Form
 51540 | Elf:1    | XOM: fog
 52066 | Elf:1    | XOM: smoke on damage
 52084 | Elf:1    | Reached skill level 16 in Spellcasting
 52191 | Elf:1    | XOM: scenery: 3 doors close
 52304 | Elf:1    | XOM: give mutation
 52304 | Elf:1    | Gained mutation: You have hidden genetic potential. [Xom's
                  | grace]
 52408 | Elf:1    | XOM: divination: detect creatures
 52641 | Elf:2    | XOM: divination: detect items
 52680 | Elf:2    | Found a runed translucent gate.
 52681 | Elf:2    | Found a runed translucent gate.
 52681 | Elf:2    | Found a runed translucent gate.
 52786 | Elf:2    | XOM: cast spell 'Summon Horrible Things'
 52871 | Elf:2    | XOM: god gift: scroll of fog
 53261 | Elf:3    | Entered Level 3 of the Elven Halls
 53261 | Elf:3    | Found Odeum's Distillery.
 53270 | Elf:3    | Paralysed by an air elemental for 1 turns
 53273 | Elf:3    | Bought a potion of curing for 63 gold pieces
 53273 | Elf:3    | Bought a potion of heal wounds for 105 gold pieces
 53273 | Elf:3    | Bought a potion of curing for 63 gold pieces
 53273 | Elf:3    | Bought a potion of curing for 63 gold pieces
 53273 | Elf:3    | Bought a potion of curing for 63 gold pieces
 53393 | Elf:3    | XOM: torment (91/180 hp)
 53600 | Elf:3    | XOM: give mutation
 53600 | Elf:3    | Lost mutation: Your body sometimes deteriorates upon taking
                  | damage. [Xom's mischief]
 53653 | Elf:3    | XOM: polymorph mana viper -> glowing shapeshifter
 53670 | Elf:3    | XOM: chaos upgrade
 53696 | Elf:3    | XOM: summons 12 hostile demons
 53766 | Elf:3    | Found Pibb's Assorted Antiques.
 53909 | Elf:3    | XOM: 1-stop teleportation journey
 53922 | Elf:3    | XOM: 1-stop teleportation journey
 53981 | Elf:3    | Reached skill level 5 in Shields
 54228 | Elf:3    | Noticed Louise
 54234 | Elf:3    | Banished Louise
 54245 | Elf:3    | Reached skill level 6 in Shields
 54699 | Elf:3    | Identified the ring "Ybompa Wule" {rF+ Slay+2}
 54704 | Elf:3    | XOM: summons 2 hostile demons
 54796 | Elf:3    | Identified the ring "Uqe Fotunn" {rElec rF+ Will+}
 55049 | Elf:3    | Identified the +3 leather armour of Labroah {rN++ Int+4}
 55181 | Elf:3    | XOM: summons 1 hostile shadow creature
 55187 | Elf:3    | Reached skill level 7 in Shields
 55187 | Elf:3    | Reached skill level 17 in Spellcasting
 55687 | Elf:3    | XOM: silly message
 55950 | Elf:3    | XOM: noise
 55972 | Elf:3    | XOM: give mutations
 55972 | Elf:3    | Lost mutation: You are clumsy. (Dex -2) [Xom's mischief]
 55972 | Elf:3    | Gained mutation: Your body sometimes deteriorates upon
                  | taking damage. [Xom's mischief]
 55972 | Elf:3    | Lost mutation: You have sharp fingernails. [Xom's mischief]
 56009 | Elf:3    | Identified the +8 flail "Qauw" {vorpal, Int+7}
 56015 | Elf:3    | Identified the +4 short sword of Rotation {drain, *Rage Fly
                  | rElec Dex+6}
 56016 | Elf:3    | XOM: torment (75/176 hp)
 56096 | Elf:3    | Identified the +4 battleaxe of the Extremes {flame, rF+
                  | Str+3}
 56153 | Elf:3    | XOM: give mutations
 56153 | Elf:3    | Gained mutation: You are weak. (Str -2) [Xom's mischief]
 56153 | Elf:3    | Gained mutation: You are very weak. (Str -4) [Xom's
                  | mischief]
 56153 | Elf:3    | Lost mutation: You are very weak. (Str -4) [Xom's mischief]
 56153 | Elf:3    | Lost mutation: Your flesh is almost immune to the effects
                  | of heat. (rF+++) [Xom's mischief]
 56360 | D:10     | XOM: give mutations
 56360 | D:10     | Lost mutation: You are weak. (Str -2) [Xom's mischief]
 56360 | D:10     | Lost mutation: You have hidden genetic potential. [Xom's
                  | mischief]
 56360 | D:10     | Gained mutation: You are somewhat resistant to further
                  | mutation. [Xom's mischief]
 56360 | D:10     | Lost mutation: Your movements are slightly less encumbered
                  | by armour. (ER -2) [Xom's mischief]
 56436 | Depths:1 | Entered Level 1 of the Depths
 56441 | Depths:1 | XOM: confuse monster(s)
 56472 | Depths:1 | XOM: scenery: summon butterflies
 56478 | Depths:1 | XOM: scenery: summon butterflies
 56495 | D:15     | XOM: cast spell 'Summon Mana Viper'
 56504 | D:15     | XOM: give mutation
 56504 | D:15     | Lost mutation: You are somewhat resistant to further
                  | mutation. [Xom's grace]
 56504 | D:15     | Gained mutation: You have hidden genetic potential. [Xom's
                  | grace]
 56528 | D:15     | XOM: cleaving
 56571 | Depths:1 | XOM: scenery: create altars
 56578 | Depths:1 | Reached skill level 8 in Shields
 56583 | Depths:1 | Acquired 1226 gold pieces
 56612 | Depths:1 | Reached XP level 24. HP: 170/187 MP: 0/0
 56914 | Elf:3    | Bought a potion of experience for 1600 gold pieces
 56914 | Elf:3    | Reached skill level 9 in Shields
 56914 | Elf:3    | Reached XP level 25. HP: 193/193 MP: 0/0
 56914 | Elf:3    | Learned a level 9 spell: Chain Lightning
 57191 | Orc:2    | Bought a gnarled runed staff for 348 gold pieces
 57199 | Orc:2    | Bought a wand of paralysis (8) for 58 gold pieces
 57260 | D:9      | XOM: divination: magic mapping
 57316 | D:11     | XOM: god gift: +2 rapier of chaos
 57383 | D:15     | XOM: god gift: potion of ambrosia
 57493 | Depths:1 | XOM: enchant monster (good)
 57516 | Depths:1 | Reached skill level 10 in Shields
 57538 | Depths:1 | XOM: give mutations
 57538 | Depths:1 | Lost mutation: You are dopey. (Int -2) [Xom's grace]
 57538 | Depths:1 | Gained mutation: Your flesh is almost immune to the effects
                  | of heat. (rF+++) [Xom's grace]
 57538 | Depths:1 | Gained mutation: Your spells are a little harder to cast,
                  | but a little more powerful. [Xom's grace]
 57538 | Depths:1 | Gained mutation: You are completely covered in iridescent
                  | scales. (AC +6) [Xom's grace]
 57639 | Depths:1 | Found a gateway to Hell.
 57693 | Depths:1 | XOM: 12-stop teleportation journey
 57843 | Depths:1 | XOM: summons 2 hostile shadow creatures
 57865 | Depths:1 | XOM: 4-stop teleportation journey
 57957 | Depths:1 | Found a one-way gate to the infinite horrors of the Abyss.
 57973 | Depths:1 | XOM: summons 13 hostile demons
 58034 | Depths:1 | Found a blossoming altar of Fedhas.
 58051 | Depths:1 | XOM: summons 3 friendly demons
 58134 | Depths:1 | Acquired 878 gold pieces
 58246 | Depths:2 | Found a one-way gate leading to the halls of Pandemonium.
 58521 | Orc:1    | XOM: divination: magic mapping
 58843 | Orc:2    | XOM: god gift: 23 gold pieces
 58866 | D:9      | XOM: give mutations
 58866 | D:9      | Lost mutation: You have hidden genetic potential. [Xom's
                  | mischief]
 58982 | D:15     | XOM: scenery: summon butterflies
 59126 | Depths:2 | XOM: cleaving
 59294 | Depths:2 | XOM: potion effect (heal wounds)
 59312 | Depths:2 | XOM: potion effect (haste)
 59323 | Depths:2 | XOM: summons 3 friendly demons
 59354 | Depths:2 | XOM: cast spell 'Summon Ice Beast'
 59362 | Depths:2 | XOM: cast spell 'Olgreb's Toxic Radiance'
 59605 | Depths:2 | Found a gateway to a bazaar.
 59615 | Bazaar   | Entered a bazaar
 59620 | Bazaar   | Found Wyqad's Antique Weapon Shoppe.
 59625 | Bazaar   | Found Adiczuc's General Store.
 59634 | Bazaar   | Found Akim's Distillery.
 59640 | Bazaar   | Found Qeorus's Distillery.
 59642 | Bazaar   | Bought a potion of heal wounds for 45 gold pieces
 59648 | Bazaar   | Found Esoge's Magic Scroll Shop.
 59649 | Bazaar   | Bought a potion of heal wounds for 40 gold pieces
 59649 | Bazaar   | Bought a potion of heal wounds for 40 gold pieces
 59649 | Bazaar   | Bought a potion of heal wounds for 40 gold pieces
 59656 | Bazaar   | Bought a scroll of teleportation for 24 gold pieces
 59656 | Bazaar   | Bought a scroll of blinking for 60 gold pieces
 59656 | Bazaar   | Bought a scroll of enchant armour for 60 gold pieces
 59656 | Bazaar   | Bought a scroll of enchant armour for 60 gold pieces
 59665 | Bazaar   | Bought a potion of haste for 80 gold pieces
 59665 | Bazaar   | Bought a potion of haste for 80 gold pieces
 59665 | Bazaar   | Bought a potion of might for 32 gold pieces
 59665 | Bazaar   | Bought a potion of might for 32 gold pieces
 59665 | Bazaar   | Bought a potion of lignification for 24 gold pieces
 59665 | Bazaar   | Bought a potion of curing for 24 gold pieces
 59665 | Bazaar   | Bought a potion of curing for 24 gold pieces
 59675 | Bazaar   | Bought a potion of cancellation for 64 gold pieces
 59682 | Bazaar   | Bought a potion of curing for 27 gold pieces
 59682 | Bazaar   | Bought a potion of curing for 27 gold pieces
 59682 | Bazaar   | Bought a potion of might for 36 gold pieces
 59682 | Bazaar   | Bought a potion of resistance for 90 gold pieces
 59682 | Bazaar   | Bought a potion of might for 36 gold pieces
 59682 | Bazaar   | Bought a potion of haste for 90 gold pieces
 59682 | Bazaar   | Bought a potion of mutation for 72 gold pieces
 59682 | Bazaar   | Bought 2 potions of might for 72 gold pieces
 59682 | Bazaar   | Bought a potion of invisibility for 72 gold pieces
 59689 | Bazaar   | Bought a wand of digging (7) for 198 gold pieces
 59693 | Bazaar   | XOM: silly message
 59778 | Depths:2 | XOM: cast spell 'Leda's Liquefaction'
 59798 | Depths:2 | Reached skill level 11 in Shields
 59812 | Depths:2 | XOM: noise
 59818 | Depths:2 | XOM: 1-stop teleportation journey
 60104 | Depths:2 | XOM: chaos upgrade
 60280 | Depths:2 | Found Atethol's General Store.
 60304 | Depths:2 | XOM: god gift: 5 javelins
 60320 | Depths:2 | Bought a scroll of immolation for 56 gold pieces
 60440 | Depths:2 | XOM: give mutations
 60440 | Depths:2 | Gained mutation: You have sharp fingernails. [Xom's grace]
 60440 | Depths:2 | Gained mutation: You have hidden genetic potential. [Xom's
                  | grace]
 60440 | Depths:2 | Gained mutation: A frigid envelope surrounds you and
                  | freezes all who hurt you. [Xom's grace]
 60440 | Depths:2 | Gained mutation: Your natural rate of healing is unusually
                  | fast. [Xom's grace]
 60605 | Depths:2 | XOM: scenery: 1 doors close
 60636 | Depths:2 | XOM: confuse monster(s)
 60714 | Depths:3 | XOM: give mutations
 60714 | Depths:3 | Lost mutation: You occasionally shout uncontrollably at
                  | your foes. [Xom's mischief]
 60714 | Depths:3 | Gained mutation: Armour fits poorly on your strangely
                  | shaped body. [Xom's mischief]
 60714 | Depths:3 | Lost mutation: Armour fits poorly on your strangely shaped
                  | body. [Xom's mischief]
 60765 | Depths:3 | Found a glowing golden altar of the Shining One.
 60766 | Depths:3 | Found a runed translucent door.
 60817 | Depths:3 | Noticed an ancient lich
 60818 | Depths:3 | Found a gateway to a ziggurat.
 60822 | Depths:3 | XOM: confuse monster(s)
 60825 | Depths:3 | Noticed a juggernaut
 60825 | Depths:3 | XOM: 9-stop teleportation journey
 60835 | Depths:3 | XOM: silly message
 60918 | Depths:3 | Killed an ancient lich
 61002 | Depths:3 | XOM: give mutations
 61002 | Depths:3 | Lost mutation: Your spells are a little harder to cast, but
                  | a little more powerful. [Xom's mischief]
 61002 | Depths:3 | Gained mutation: You are dopey. (Int -2) [Xom's mischief]
 61002 | Depths:3 | Lost mutation: Your body sometimes deteriorates upon taking
                  | damage. [Xom's mischief]
 61002 | Depths:3 | Lost mutation: A frigid envelope surrounds you and freezes
                  | all who hurt you. [Xom's mischief]
 61039 | Depths:3 | XOM: potion effect (heal wounds)
 61047 | Depths:3 | XOM: confusion
 61052 | Depths:3 | XOM: noise
 61054 | Depths:3 | XOM: noise
 61070 | Depths:3 | XOM: chaos upgrade
 61248 | Depths:3 | XOM: enchant monster (good)
 61301 | Depths:3 | Noticed Frederick
 61304 | Depths:3 | XOM: destruction
 61305 | Depths:3 | XOM: potion effect (curing)
 61313 | Depths:3 | Killed Frederick
 61317 | Depths:3 | XOM: give mutation
 61317 | Depths:3 | Lost mutation: You have hidden genetic potential. [Xom's
                  | mischief]
 61393 | Depths:3 | Noticed Margery
 61393 | Depths:3 | XOM: swap monsters
 61436 | Depths:3 | XOM: noise
 61452 | Depths:3 | XOM: fog
 61462 | Depths:3 | Reached skill level 12 in Shields
 61462 | Depths:3 | Reached skill level 18 in Spellcasting
 61549 | Depths:3 | Killed Margery
 61631 | Depths:3 | Noticed a dread lich
 61645 | Depths:3 | XOM: scenery: 1 doors close
 61655 | Depths:3 | Killed a dread lich
 61656 | Depths:3 | Reached skill level 13 in Shields
 61725 | Depths:3 | Killed a juggernaut
 61735 | Depths:3 | XOM: summons 7 friendly demons
 61902 | Depths:3 | Reached skill level 14 in Shields
 61923 | Depths:3 | XOM: cloud trail
 62125 | Depths:4 | Entered Level 4 of the Depths
 62140 | Depths:4 | Noticed a juggernaut
 62140 | Depths:4 | Noticed a juggernaut
 62341 | Depths:3 | XOM: divination: detect creatures
 62359 | Depths:3 | XOM: silly message
 62368 | Depths:3 | XOM: potion effect (heal wounds)
 62379 | Depths:3 | Reached XP level 26. HP: 179/190 MP: 0/0
 62526 | Depths:4 | XOM: potion effect (haste)
 62551 | Depths:4 | XOM: potion effect (might)
 62583 | Depths:4 | Killed a juggernaut
 62584 | Depths:4 | Reached skill level 15 in Shields
 62684 | Depths:4 | XOM: potion effect (berserk rage)
 62700 | Depths:4 | XOM: potion effect (brilliance)
 62727 | Depths:4 | XOM: potion effect (curing)
 62742 | Depths:4 | XOM: silly message
 62747 | Depths:4 | Killed a juggernaut
 63156 | Depths:4 | XOM: potion effect (might)
 63190 | Depths:4 | Found a gate to the Realm of Zot.
 63269 | Depths:4 | Found Haasmome's Book Boutique.
 63431 | Depths:4 | XOM: god gift: 21 sling bullets
 63443 | Depths:4 | XOM: give mutation
 63443 | Depths:4 | Gained mutation: You are resistant to electric shocks.
                  | (rElec) [Xom's grace]
 63494 | Depths:4 | XOM: god gift: scroll of teleportation
 63562 | Depths:4 | XOM: cleaving
 63694 | Depths:1 | XOM: give mutations
 63694 | Depths:1 | Gained mutation: You passively map a small area around you.
                  | [Xom's grace]
 63694 | Depths:1 | Gained mutation: You have hidden genetic potential. [Xom's
                  | grace]
 63694 | Depths:1 | Gained mutation: You passively dampen the noise of your
                  | surroundings. [Xom's grace]
 64312 | Swamp:4  | Got a decaying rune of Zot
 64674 | Vaults:2 | XOM: god gift: 44 gold pieces
 64743 | Vaults:5 | Entered Level 5 of the Vaults
 64764 | Vaults:5 | XOM: god gift: book of Flames
 64875 | Vaults:5 | XOM: fake destruction
 64892 | Vaults:5 | XOM: summons friendly iron imp
 64923 | Vaults:5 | Reached skill level 19 in Spellcasting
 65058 | Vaults:5 | Noticed a dread lich
 65076 | Vaults:5 | Killed a dread lich
 65110 | Vaults:5 | Identified the ring "Jucsev" {Contam rElec Will+ Int-5
                  | Dex+9}
 65165 | Vaults:5 | Found the +6 shillelagh "Devastator" {shatter}
 65437 | Vaults:5 | Found Guhyidd's Antique Armour Boutique.
 65437 | Vaults:5 | Identified the +11 trident "Iblef" {freeze, rF++ Int+3}
 65437 | Vaults:5 | Noticed a dread lich
 65437 | Vaults:5 | XOM: 3-stop teleportation journey
 65488 | Vaults:5 | Noticed an ancient lich
 65498 | Vaults:5 | XOM: fog
 65523 | Vaults:5 | Killed an ancient lich
 65548 | Vaults:5 | XOM: silly message
 65704 | Vaults:5 | XOM: smoke on damage
 65759 | Vaults:5 | Reached XP level 27. HP: 193/195 MP: 0/0
 65759 | Vaults:5 | Learned a level 9 spell: Dragon's Call
 65766 | Vaults:5 | XOM: confusion
 65773 | Vaults:5 | Reached skill level 20 in Spellcasting
 65856 | Vaults:5 | XOM: enchant monster (bad)
 65873 | Vaults:5 | XOM: 4-stop teleportation journey
 66162 | Vaults:5 | XOM: swap monsters
 66256 | Vaults:5 | Bought a ripped robe for 188 gold pieces
 66256 | Vaults:5 | Identified the +0 robe of Infinity {rF+ Regen+ Stlth-} (You
                  | bought it in a shop on level 5 of the Vaults)
 66397 | Vaults:5 | Reached skill level 22 in Unarmed Combat
 66452 | Vaults:5 | XOM: silly message
 66513 | Vaults:5 | Found the +2 robe of Vines {NoPotionHeal Regen+++}
 66523 | Vaults:5 | Reached skill level 21 in Fighting
 66527 | Vaults:5 | Got a silver rune of Zot
 66573 | Vaults:5 | Noticed an ancient lich
 66589 | Vaults:5 | Killed an ancient lich
 66594 | Vaults:5 | Gained mutation: You are robust. (+10% HP) [hidden
                  | potential]
 66653 | Vaults:5 | Identified the +2 shortbow of Vexes {vorpal, Will- Int+5}
 66986 | Vaults:1 | XOM: stat loss: -1 Int (20/21)
 67113 | Zot:1    | Entered Level 1 of the Realm of Zot
 67173 | Depths:4 | XOM: enchant monster (good)
 67294 | Zot:1    | XOM: 1-stop teleportation journey
 67408 | Zot:1    | XOM: fog
 67484 | Zot:1    | Identified the +7 chain mail of Decompression {Int+4}
 67630 | Zot:3    | XOM: confuse monster(s)
 67781 | Zot:3    | XOM: noise
 67792 | Zot:3    | Reached skill level 23 in Unarmed Combat
 67793 | Zot:3    | XOM: noise
 67809 | Zot:3    | Reached skill level 22 in Fighting
 67907 | Zot:5    | Entered Level 5 of the Realm of Zot
 68135 | Zot:5    | XOM: divination: magic mapping
 68145 | Zot:5    | XOM: divination: detect items
 68146 | Zot:5    | XOM: potion effect (curing)
 68201 | Zot:5    | XOM: divination: magic mapping
 68257 | Zot:5    | XOM: silly message
 68362 | Zot:5    | Noticed an orb of fire
 68362 | Zot:5    | Noticed an ancient lich
 68362 | Zot:5    | Noticed a Killer Klown
 68362 | Zot:5    | Noticed an orb of fire
 68362 | Zot:5    | Noticed a Killer Klown
 68366 | Zot:5    | Got the Orb of Zot
 68368 | Zot:5    | Noticed a dread lich
 68368 | Zot:5    | Noticed an orb of fire
 68368 | Zot:5    | Noticed an orb of fire
 68368 | Zot:5    | Noticed a dread lich
 68368 | Zot:5    | Noticed an ancient lich
 68368 | Zot:5    | Noticed a Killer Klown
 68368 | Zot:5    | Noticed an ancient lich
 68704 | D:10     | XOM: cloud trail
 68738 | D:10     | XOM: divination: detect creatures
 68786 | D:7      | Noticed Xojyvvou the pandemonium lord
 68973 | D:$      | Escaped with the Orb!

Illustrated notes

Levels and vault maps discovered:
D:1:      psy_arrival_fountain, layout_loops_cross
D:2:      layout_rooms, shapermc_ecumenical_altar_notcrosses,
          cheibrodos_gnoll_hut
D:3:      layout_loops_corners, nicolae_dithmenos_the_darkroom
D:4:      layout_gridville, nicolae_uskayaw_dance_hall,
          pdpol_temple_overflow_zin_treasury_gozag_greed,
          gammafunk_ghost_cemetery, serial_shops, shop
D:5:      layout_basic, mainiacjoe_overflow_alcove_4, serial_shops,
          nicolae_shop_temple_entry_statues_fountains, serial_glass,
          glass_columns_c, glass_columns_b, minmay_quadrilaterals
D:6:      layout_basic, lemuel_flamethrower_1
D:7:      layout_loops_cross, mainiacjoe_overflow_large_starburst,
          minmay_temple_entry_statues, dk_noncrumbling_3
D:8:      layout_rooms, tso_metal_star, uniq_pikel, uniq_harold, uniq_maurice
D:9:      layout_loops_ring, grunt_lair_entry_orc_guard_hut, orc_0_dummy,
          kennysheep_donut
D:10:     layout_long_grid, gammafunk_temple_overflow_forgotten,
          hangedman_abyss_or_decor_slice
D:11:     layout_basic, serial_shops, nicolae_shop_crystal, grunt_ministairs_15
D:12:     layout_small_grid
D:13:     layout_loops_ring, david_vaults_2,
          portal_ice_cave_entry_animals_and_master,
          ebering_ghost_reflecting_pool
D:14:     layout_roguey, chequers_serial_rivers_large_a, enter_trove_6
D:15:     gammafunk_depths_entry_grave, layout_cave_pods, serial_shops, shop,
          nicolae_shop_stone, nicolae_shop_window_shopping,
          nicolae_shop_statue_plus, shop, serial_undead, serial_undead_b,
          serial_undead_e, serial_undead_c, serial_undead_b,
          chequers_serial_rivers_marsh, minivault_4, uniq_rupert, uniq_roxanne
Lair:1:   layout_regular_city
Lair:2:   layout_regular_city, palyth_hydra_swamp_entry,
          spider_nest_entry_rubble, serial_bayou_shore_b, lemuel_fruit_tree,
          uniq_sonja
Lair:3:   layout_roguey
Lair:4:   layout_gridlike, lemuel_fruit_fields, uniq_nergalle
Lair:5:   layout_loops_ring, minmay_lair_oklob_bushes,
          infiniplex_staircase_pool, grunt_megastairs_4, serial_bayou_shore_a
Lair:6:   due_jungle_book, layout_small_grid, minmay_slime_entry_jelly_boxes,
          infiniplex_staircase_pool_2
Swamp:1:  layout_basic_swamp, nicolae_swamp_ascending_descending_big
Swamp:2:  layout_basic_swamp, evilmike_swamp_ruin_house_5, swamp_pool1,
          uniq_jorgrun
Swamp:3:  layout_basic_swamp, hangedman_swamp_pad, swamp_pool4,
          nicolae_swamp_fairy_circle
Swamp:4:  swamp_icy, layout_basic_swamp, uniq_mara
Spider:1: layout_spider_delve
Spider:2: nicolae_spider_hilbert_zone_6 [nicolae_spider_hilbert_4_sides_1_open,
          nicolae_spider_hilbert_4_sides_1_open,
          nicolae_spider_hilbert_4_sides_1_open,
          nicolae_spider_hilbert_4_sides_1_open,
          nicolae_spider_hilbert_4_sides_1_open,
          nicolae_spider_hilbert_4_sides_1_open,
          nicolae_spider_hilbert_4_sides_1_open],
          nicolae_spider_baby_got_redback
Spider:3: layout_spider_delve, uniq_asterion, uniq_mlioglotl
Spider:4: johnstein_spider_rune_arachne_lair, uniq_arachne
Orc:1:    layout_diamond_mine, basic_altar, uniq_erica
Orc:2:    st_orc_ogre_mass, layout_caves, serial_shops, shop_fountains,
          basic_altar
Elf:1:    eino_elf_arrival_shootout, layout_loops_corners, evilmike_minifort,
          minivault_16
Elf:2:    nicolae_elf_blades_crystal_corner, layout_onion_city
Elf:3:    elf_hall_gauntlet_narrow, layout_geoelf_castle, serial_shops,
          nicolae_shop_temple_entry_statues_fountains, special_room
          [special_room_mythical_zoo], minmay_shop_star, uniq_louise
Vaults:1: nicolae_vaults_disjoint_gnomons, gammafunk_the_bubble
          [the_bubble_gammafunk_roulette], v_misc_8, v_alt_pattern_1,
          ontoclasm_vaults_spin, hangedman_vaults_locks, v_misc_5,
          hangedman_vaults_slice, vaults_room_grunt_arrival_ludios,
          layout_vaults_big_room
Vaults:2: v_misc_5, v_misc_18, v_pattern_1, hangedman_vaults_impose, st_cells,
          minmay_crypt_entry_simple_round, vaults_room_stairs_pillars,
          nicolae_vaults_ninety_degrees, v_rooms_2,
          nicolae_vaults_sealed_display, ontoclasm_vaults_idyll,
          layout_vaults_maze_bifur
Vaults:3: hangedman_vaults_cutoff, nicolae_vaults_specimen_jars,
          nicolae_vaults_network_quincunx
          [nicolae_vaults_network_quincunx_subvault,
          nicolae_vaults_network_quincunx_subvault,
          nicolae_vaults_network_quincunx_subvault,
          nicolae_vaults_network_quincunx_subvault,
          nicolae_vaults_network_quincunx_subvault], v_alt_pattern_4,
          v_alt_pattern_3, serial_ice_m, vaults_mumra_chevron,
          nicolae_vaults_shelves_hall, dpeg_vaults_monster_row, v_misc_28,
          hangedman_vaults_slither, v_misc_17, v_misc_12,
          nicolae_vaults_little_squares_2, layout_vaults_omnibox, serial_shops,
          nicolae_diamond_shop, shop
Vaults:4: ontoclasm_vaults_ligature, nicolae_vaults_gold_heap, v_misc_27,
          nicolae_vaults_diagonal_hallway_8, v_pattern_3, vaults_room_fours,
          st_smaller_cells, layout_vaults_omnigrid, serial_shops,
          nicolae_lakefront_shop, uniq_xtahua
Vaults:5
Depths:1: layout_small_grid, grunt_hell_entry_dis_grunt,
          minmay_misc_feat_nine_boxes, hangedman_abyss_entry_splay,
          fedhas_altar_fruit_tree
Depths:2: abrahamwl_protected_by_tso_1, layout_gridlike, hellmouth_1, pan_entry,
          serial_shops, statue_bzr, nicolae_shop_window_shopping,
          kennysheep_small_circle
Depths:3: vault_1, layout_cave_shapes, enter_ziggurat_d, hell_entry,
          abyss_entry_crystal, lemuel_angel_altar, uniq_margery, uniq_frederick
Depths:4: evilmike_zot_entry_argh, layout_cave_pools, hangedman_coc_ice_floe,
          chequers_serial_rivers_room_a, serial_shops, shop_fountains,
          eino_tiny_chamber
Zot:1:    lemuel_draconian_sentries_small, layout_basic, grunt_ministairs_1
Zot:2:    layout_onion_interference, st_stairs_7, grunt_ministairs_13,
          st_single_dragon_hoard_1, grunt_megastairs_2
Zot:3:    layout_onion_interference, grunt_megastairs_5, lemuel_elevator
Zot:4:    layout_twisted_circle, grunt_megastairs_1
Zot:5:    layout_gridlike

Skill      XL: |  1  2  3  4  5  6  7  8  9 10 11 12 13 14 15 16 17 18 19 20 21 22 23 24 25 26 27 |
---------------+----------------------------------------------------------------------------------+-----
Unarmed Combat | 4 5 7 8 9 10 11 15 16 19 21 23 | 23.2
Spellcasting   | 1 2 4 5 8 10 12 13 15 17 18 19 20 | 20.0
Fighting       | 4 5 6 9 10 13 16 17 18 19 20 22 | 22.1
Shields        | 2 4 8 9 14 15 | 15.0
Dodging        | 4 6 10 12 | 12.0
Evocations     | 4 8 10 12 | 12.0
Armour         | 4 |  4.0

Action                   |  1- 3 |  4- 6 |  7- 9 | 10-12 | 13-15 | 16-18 | 19-21 | 22-24 | 25-27 || total
-------------------------+-------+-------+-------+-------+-------+-------+-------+-------+-------++-------
Melee: Unarmed           |   119 |   181 |   478 |   607 |  1054 |  1511 |  1464 |   502 |  1605 ||  7521
       Punch             |     2 |     5 |     5 |       |       |       |       |       |     3 ||    15
       Peck              |       |       |       |       |       |   283 |   385 |   115 |   469 ||  1252
       Tailslap          |       |       |       |       |       |       |       |     2 |     6 ||     8
       Bite              |       |       |       |       |       |       |       |       |     9 ||     9
Throw: Dart              |     9 |     3 |       |    17 |     1 |     4 |     3 |     2 |     4 ||    43
 Cast: Magic Dart        |     4 |     7 |       |       |     2 |       |       |       |     1 ||    14
       Wereblood         |       |       |    16 |    18 |    35 |    28 |    12 |     6 |    13 ||   128
       Summon Mana Viper |       |       |       |    21 |   105 |    99 |    88 |    38 |    85 ||   436
       Alistair's Intoxi |       |       |       |       |       |     9 |     4 |     7 |       ||    20
       Conjure Ball Ligh |       |       |       |       |       |     6 |       |       |       ||     6
       Simulacrum        |       |       |       |       |       |     9 |    21 |     5 |    19 ||    54
       Summon Hydra      |       |       |       |       |       |       |    25 |    51 |   101 ||   177
       Dragon Form       |       |       |       |       |       |       |       |     2 |     8 ||    10
       Borgnjor's Revivi |       |       |       |       |       |       |       |       |     1 ||     1
 Abil: End Transformatio |       |       |       |       |       |       |       |     1 |     1 ||     2
Evoke: Wand              |       |       |       |    17 |     2 |    31 |    23 |       |    23 ||    96
       Phantom mirror    |       |       |       |       |     1 |     2 |     3 |       |     2 ||     8
       Box of beasts     |       |       |       |       |       |     2 |     2 |       |     1 ||     5
       Phial of floods   |       |       |       |       |       |       |       |       |     1 ||     1
       Condenser vane    |       |       |       |       |       |       |       |       |     1 ||     1
  Use: Scroll            |       |     1 |    11 |     4 |    16 |     9 |    19 |     4 |    29 ||    93
       Potion            |       |       |       |     1 |     6 |    10 |     4 |     4 |    25 ||    50
 Stab: Petrified         |       |       |    13 |       |       |       |     5 |       |       ||    18
       Confused          |       |       |     2 |     9 |       |    12 |     8 |     7 |     1 ||    39
       Petrifying        |       |       |     1 |       |       |       |     4 |       |       ||     5
       Sleeping          |       |       |     3 |       |       |       |     1 |       |       ||     4
       Distracted        |       |       |     1 |       |    13 |    14 |    18 |     7 |    43 ||    96
       Invisible         |       |       |       |     8 |       |    13 |     6 |       |       ||    27
       Paralysed         |       |       |       |     6 |       |    10 |    19 |       |       ||    35
       Held in net/web   |       |       |       |       |       |     2 |       |       |       ||     2
Armor: Leather armour    |    40 |    27 |   128 |    64 |       |       |       |       |       ||   259
       Skin              |       |       |       |     4 |       |     5 |       |     5 |    51 ||    65
       Ring mail         |       |       |       |    36 |   289 |    22 |       |       |       ||   347
       Troll leather arm |       |       |       |       |       |   574 |   441 |   167 |   422 ||  1604
Dodge: Dodged            |    76 |   176 |   344 |   260 |   614 |  1284 |   690 |   289 |   686 ||  4419
Block: Buckler           |       |       |    68 |   281 |   506 |  1192 |   713 |   273 |   291 ||  3324
       Reflection        |       |       |     2 |     3 |     5 |    23 |    44 |    31 |    34 ||   142
       Other             |       |       |       |       |       |       |       |     3 |    14 ||    17
       Kite shield       |       |       |       |       |       |       |       |       |   815 ||   815

Table legend: (Time is in decaauts)
 A = Elapsed time spent in this place.
 B = Non-inter-level travel time spent in this place.
 C = Inter-level travel time spent in this place.
 D = Time resting spent in this place.
 E = Time spent auto-exploring this place.
 F = Levels seen in this place.
 G = Mean time per level.
                   A        B        C        D        E       F      G
               +--------+--------+--------+--------+--------+-----+--------+
         Total |  66553 |  58750 |   7803 |   7972 |  35662 |  51 | 1305.0 |
       Dungeon |  22590 |  18973 |   3617 |   1360 |  13887 |  15 | 1506.0 |
          Lair |  11756 |  10608 |   1148 |   1452 |   6994 |   6 | 1959.3 |
         Swamp |   3734 |   3426 |    308 |    851 |   1606 |   4 |  933.5 |
   Spider Nest |   3363 |   3161 |    202 |    474 |   1414 |   4 |  840.8 |
  Orcish Mines |   3335 |   3077 |    258 |   1050 |   1518 |   2 | 1667.5 |
   Elven Halls |   5804 |   4793 |   1011 |   1008 |   2613 |   3 | 1934.7 |
        Vaults |   8234 |   7590 |    644 |    599 |   4461 |   5 | 1646.8 |
        Depths |   5598 |   4985 |    613 |    597 |   2814 |   4 | 1399.5 |
           Zot |   1170 |   1170 |      0 |    164 |    318 |   5 |  234.0 |
         Abyss |    197 |    197 |      0 |      0 |      0 |   1 |  197.0 |
        Bazaar |     84 |     84 |      0 |      0 |     35 |   1 |   84.0 |
      Ice Cave |    682 |    682 |      0 |    414 |      0 |   1 |  682.0 |
               +--------+--------+--------+--------+--------+-----+--------+

Top non-repeatable levels by time:
  Lair:2: 3522 daAuts
   Elf:3: 3155 daAuts
  Lair:6: 2587 daAuts
  Lair:1: 2287 daAuts
     D:9: 2249 daAuts
     D:5: 2213 daAuts
    D:13: 2055 daAuts
    D:10: 1988 daAuts
Vaults:5: 1904 daAuts
    D:11: 1857 daAuts
   Orc:1: 1853 daAuts
   Elf:1: 1809 daAuts
     D:6: 1785 daAuts
Depths:3: 1704 daAuts
Vaults:2: 1661 daAuts
